 Dungeon Crawl Stone Soup version 0.30-a0-879-ga8ba668304 (webtiles) character file.

Game seed: 150327131889137023

15019514 FexLirch the Intangible (level 27, 15/160 (163) HPs)
             Began as a Deep Elf Gladiator on Mar 9, 2023.
             Was a High Priest of Hepliaklqana.
             Escaped with the Orb
             ... and 15 runes on Mar 13, 2023!
             The game lasted 11:48:50 (104647 turns).

FexLirch the Intangible (Deep Elf Gladiator)      Turns: 104647, Time: 11:48:50

HP:   15/160 (163)  AC: 31    Str: 10    XL:     27
MP:   27/62         EV: 42    Int: 34    God:    Hepliaklqana [*****.]
Gold: 5726          SH:  4    Dex: 33    Spells: 1/75 levels left

rFire   + + .      SeeInvis +    e - +9 triple sword (heavy)
rCold   + + +      Faith    .    (shield currently unavailable)
rNeg    + . .      Spirit   .    Z - +5 faerie dragon scales {rElec Will+ rCorr}
rPois   +          Reflect  .    c - +2 helmet {SInv}
rElec   +          Rampage  .    M - +2 cloak of the Blind Marksman {Int+2 Dex+5}
rCorr   +                        C - +2 pair of gloves {Dex+3}
Will    +++++                    T - +2 pair of boots {Fly}
Stlth   ++                       d - amulet of Ynip {Will+ Regen+ Int+7}
HPRegen 1.26/turn                Y - ring of Siskotuwk {rF+ rC++ Int+3}
MPRegen 0.38/turn                r - ring of Summertime {rN+ Will+ MP+9}

@: mighty, brilliant, in death's door, swift, resistant, wereblooded, portalling
projectiles, animating dead, flying, hasted, studying 2 skills, lightly drained,
invisible, very quick
A: reduced essence, talons 1, large bone plates 1, clever 1, shaggy fur 1,
inability to drink after injury 1
0: Orb of Zot
}: 15/15 runes: decaying, slimy, silver, golden, iron, obsidian, icy, bone,
abyssal, demonic, glowing, magical, fiery, dark, gossamer
a: Renounce Religion, Recall Ancestor, Ancestor Identity, Transference, Idealise


You escaped.
You worshipped Hepliaklqana.
Hepliaklqana was extremely pleased with you.
You visited 17 branches of the dungeon, and saw 83 of its levels.
You visited Pandemonium 1 time, and saw 13 of its levels.
You visited the Abyss 3 times.
You visited 1 bazaar.
You also visited: Bailey, Ice Cave, Volcano and Desolation.

You collected 17489 gold pieces.
You spent 11763 gold pieces at shops.

Inventory:

Hand Weapons
 e - a +9 heavy triple sword (weapon)
 h - the +6 sword of Cerebov {flame}
   (You took it off Cerebov in Pandemonium)
 o - the +8 longbow "Zephyr" {speed, Dex+3 SInv}
   (You found it in the Desolation of Salt)

   Dex:       It affects your dexterity (+3).
   SInv:      It lets you see invisible.
 J - the +10 triple sword of Rucwamat {flame, MP+9}
   (You acquired it in Pandemonium)

   MP:        It affects your magic capacity (+9).
Armour
 c - a +2 helmet of see invisible (worn)
 l - the +3 salamander hide armour {Flames, rFlCloud rF++ rC--}
   (You bought it in a shop on level 2 of the Orcish Mines)

   Flames:    It surrounds you with flame clouds and enhances your fire magic.
   rFlCloud:  It grants immunity to flame clouds.
   rF:        It greatly protects you from fire.
   rC:        It makes you very vulnerable to cold.
 x - the +5 troll leather armour of the Present {rElec Regen+}
   (You bought it in a shop on level 2 of the Orcish Mines)

   rElec:     It insulates you from electricity.
   Regen:     It increases your rate of health regeneration.
 B - the +2 ratskin cloak {*Rats rPois rN+ Str-1 Int-1 Dex+1}
   (You bought it in a shop on level 4 of the Dungeon)

   *Rats:     When the wearer is hurt, rats may emerge from it to assist them.
   Str:       It affects your strength (-1).
   Int:       It affects your intelligence (-1).
   Dex:       It affects your dexterity (+1).
   rPois:     It protects you from poison.
   rN:        It protects you from negative energy.
 C - a +2 pair of gloves of dexterity (worn)
 M - the +2 cloak of the Blind Marksman (worn) {Int+2 Dex+5}
   (You found it in Pandemonium)

   Int:       It affects your intelligence (+2).
   Dex:       It affects your dexterity (+5).
 T - a +2 pair of boots of flying (worn)
 X - the orb of Dispater {+Damnation *Corrode AC+5}
   (You took it off Dispater on level 7 of the Iron City of Dis)

   +Damnation: It grants the ability to hurl damnation at the cost of health and
   magic, with strength depending on Evocations skill.
   AC:        It affects your AC (+5).
   *Corrode:  It may corrode you when you take damage.
 Z - the +5 faerie dragon scales (worn) {rElec Will+ rCorr}
   (You took it off the Enchantress on level 2 of the Depths)

   rElec:     It insulates you from electricity.
   rCorr:     It protects you from acid and corrosion.
   Will:      It increases your willpower.
Jewellery
 d - the amulet of Ynip (around neck) {Will+ Regen+ Int+7}
   (You found it on level 7 of the Iron City of Dis)

   [amulet of regeneration]

   Int:       It affects your intelligence (+7).
   Regen:     It increases your rate of health regeneration.
   Will:      It increases your willpower.
 i - a +6 ring of dexterity
 j - the ring "Huyhe" {rPois MP+9 AC+4 Str-2}
   (You found it on level 2 of the Realm of Zot)

   [ring of protection]

   AC:        It affects your AC (+4).
   Str:       It affects your strength (-2).
   rPois:     It protects you from poison.
   MP:        It affects your magic capacity (+9).
 r - the ring of Summertime (right hand) {rN+ Will+ MP+9}
   (You found it on level 5 of the Vaults)

   [ring of willpower]

   rN:        It protects you from negative energy.
   MP:        It affects your magic capacity (+9).
   Will:      It increases your willpower.
 H - the ring of the Oligarchy {rCorr Slay+6}
   (You found it on level 1 of the Vaults)

   [ring of resist corrosion]

   Slay:      It affects your accuracy & damage with ranged weapons and melee
   (+6).
   rCorr:     It protects you from acid and corrosion.
 L - the ring of Bucwarunky {Drain rC- rN+++ EV+5 Stlth+}
   (You found it on level 3 of the Swamp)

   [ring of evasion]

   EV:        It affects your evasion (+5).
   rC:        It makes you vulnerable to cold.
   rN:        It renders you almost immune to negative energy.
   Drain:     It drains your maximum health when unequipped.
   Stlth:     It makes you more stealthy.
 P - the ring of Dibb {Fire rElec Will+ Slay-2 SInv}
   (You took it off a deep elf sorcerer on level 3 of the Elven Halls)

   [ring of fire]

   It enhances your fire magic.
   Slay:      It affects your accuracy & damage with ranged weapons and melee
   (-2).
   rF:        It protects you from fire.
   rC:        It makes you vulnerable to cold.
   rElec:     It insulates you from electricity.
   SInv:      It lets you see invisible.
   Will:      It increases your willpower.
 R - the ring of Ignis's Anger {Fly rPois Int+9 Dex-4 Slay-6}
   (You found it on level 2 of the Depths)

   [ring of poison resistance]

   Int:       It affects your intelligence (+9).
   Dex:       It affects your dexterity (-4).
   Slay:      It affects your accuracy & damage with ranged weapons and melee
   (-6).
   rPois:     It protects you from poison.
   Fly:       It grants you flight.
 Y - the ring of Siskotuwk (left hand) {rF+ rC++ Int+3}
   (You found it in the Desolation of Salt)

   [ring of protection from fire]

   Int:       It affects your intelligence (+3).
   rF:        It protects you from fire.
   rC:        It greatly protects you from cold.
Wands
 m - a wand of digging (23)
 s - a wand of acid (22)
 t - a wand of roots (69)
 N - a wand of flame (125)
Scrolls
 g - 4 scrolls of blinking
 n - 14 scrolls of poison
 u - 3 scrolls of magic mapping
 w - 14 scrolls of teleportation
 y - 2 scrolls of brand weapon
 E - 6 scrolls of silence
 F - 4 scrolls of amnesia
 K - 9 scrolls of fear
 Q - 12 scrolls of fog
 U - 2 scrolls of butterflies
 W - 5 scrolls of torment
Potions
 a - 5 potions of invisibility
 b - a potion of might
 f - 10 potions of heal wounds
 k - 10 potions of mutation
 p - a potion of cancellation
 q - 6 potions of brilliance
 v - 15 potions of flight
 z - 5 potions of berserk rage
 A - 3 potions of ambrosia
 D - 33 potions of curing
 G - 13 potions of lignification
 S - 5 potions of resistance
 V - 3 potions of magic
Miscellaneous
 O - a phantom mirror


   Skills:
 + Level 21.3 Fighting
 - Level 4.2(16.2) Short Blades
 - Level 22.0(22.1) Long Blades
 O Level 27 Ranged Weapons
 - Level 2.0 Throwing
 - Level 15.9 Armour
 O Level 27 Dodging
 + Level 14.2 Stealth
 + Level 24.8 Spellcasting
 - Level 20.0 Hexes
 + Level 26.7 Necromancy
 - Level 22.7 Translocations
 - Level 14.0 Transmutations
 - Level 12.1 Air Magic
 - Level 9.0 Earth Magic
 - Level 21.0 Invocations


You had one spell level left.
You knew the following spells:

 Your Spells              Type           Power      Damage    Failure   Level
a - Blink                 Tloc           100%       N/A       0%          2
b - Manifold Assault      Tloc           100%       N/A       0%          4
c - Swiftness             Air            100%       N/A       0%          3
d - Apportation           Tloc           100%       N/A       0%          1
e - Sublimation of Blood  Necr           100%       N/A       0%          2
f - Vhi's Electric Charg  Tloc/Air       100%       N/A       0%          3
g - Passage of Golubria   Tloc           100%       N/A       0%          4
h - Wereblood             Tmut           100%       N/A       0%          2
i - Yara's Violent Unrav  Hex/Tmut       63%        3d24      1%          5
j - Statue Form           Tmut/Erth      73%        N/A       1%          6
k - Enfeeble              Hex            66%        N/A       1%          7
l - Portal Projectile     Hex/Tloc       100%       N/A       0%          3
m - Death's Door          Necr           73%        N/A       1%          9
n - Dispersal             Tloc           69%        N/A       0%          6
o - Necromutation         Tmut/Necr      67%        N/A       1%          8
p - Silence               Hex/Air        61%        N/A       1%          5
q - Animate Dead          Necr           100%       N/A       0%          4

Your spell library contained the following spells:

 Spells                   Type           Power      Damage    Failure   Level
 Beastly Appendage        Tmut           100%       N/A       0%          1
 Kiss of Death            Conj/Necr      100%       2d13      0%          1
 Necrotise                Necr           100%       1d9       0%          1
 Foxfire                  Conj/Fire      100%       2x1d9     1%          1
 Freeze                   Ice            100%       1d10      1%          1
 Sandblast                Erth           100%       2d20      1%          1
 Shock                    Conj/Air       100%       1d9       1%          1
 Sting                    Tmut/Pois      100%       1d8       1%          1
 Summon Small Mammal      Summ           100%       N/A       1%          1
 Cigotuvi's Dreadful Rot  Necr/Pois/Air  100%       N/A       0%          2
 Lesser Beckoning         Tloc           100%       N/A       0%          2
 Momentum Strike          Conj/Tloc      100%       3d10      0%          2
 Passwall                 Tmut/Erth      91%        N/A       0%          2
 Confusing Touch          Hex            100%       N/A       0%          3
 Gell's Gravitas          Tloc           100%       N/A       0%          3
 Teleport Other           Tloc           100%       N/A       0%          3
 Tukima's Dance           Hex            100%       N/A       0%          3
 Anguish                  Hex/Necr       70%        N/A       0%          4
 Cause Fear               Hex            66%        N/A       0%          4
 Dispel Undead            Necr           100%       3d31      0%          4
 Agony                    Necr           100%       N/A       0%          5
 Borgnjor's Vile Clutch   Necr/Erth      64%        N/A       0%          5
 Death Channel            Necr           73%        N/A       0%          6
 Ensorcelled Hibernation  Hex/Ice        100%       N/A       1%          2
 Poisonous Vapours        Pois/Air       100%       N/A       1%          2
 Scorch                   Fire           100%       2d10      1%          2
 Searing Ray              Conj           100%       2d8       1%          2
 Static Discharge         Conj/Air       100%       2-7/arc   1%          2
 Dazzling Flash           Conj/Hex       100%       N/A       1%          3
 Ignite Poison            Fire/Tmut/Pois 84%        N/A       1%          3
 Inner Flame              Hex/Fire       100%       N/A       1%          3
 Kindle Blastsparks       Fire/Tloc/Air  100%       2d18      1%          3
 Mephitic Cloud           Conj/Pois/Air  81%        N/A       1%          3
 Spider Form              Tmut/Pois      94%        N/A       1%          3
 Stone Arrow              Conj/Erth      100%       3d13      1%          3
 Summon Guardian Golem    Hex/Summ       100%       N/A       1%          3
 Airstrike                Air            56%        2d(8-24)  1%          4
 Animate Armour           Summ/Erth      100%       N/A       1%          4
 Fulminant Prism          Conj/Hex       52%        3d23      1%          4
 Ice Form                 Ice/Tmut       94%        N/A       1%          4
 Iskenderun's Mystic Bla  Conj/Tloc      100%       2d19      1%          4
 Leda's Liquefaction      Hex/Erth       59%        N/A       1%          4
 Petrify                  Tmut/Erth      100%       N/A       1%          4
 Summon Lightning Spire   Summ/Air       90%        N/A       1%          4
 Alistair's Intoxication  Tmut/Pois      62%        N/A       1%          5
 Arcjolt                  Conj/Air       45%        1d55      1%          5
 Blade Hands              Tmut           59%        N/A       1%          5
 Irradiate                Conj/Tmut      47%        3d27      1%          5
 Lee's Rapid Deconstruct  Erth           51%        3d24*     1%          5
 Lightning Bolt           Conj/Air       45%        1d65      1%          5
 Metabolic Englaciation   Hex/Ice        52%        N/A       1%          5
 Summon Mana Viper        Hex/Summ       100%       N/A       1%          5
 Simulacrum               Ice/Necr       57%        N/A       1%          6
 Dragon Form              Tmut           59%        N/A       1%          7
 Discord                  Hex            66%        N/A       1%          8
 Disjunction              Tloc           69%        N/A       1%          8
 Infestation              Necr           73%        N/A       1%          8
 Call Canine Familiar     Summ           59%        N/A       2%          3
 Frozen Ramparts          Ice            100%       1d16      2%          3
 Hailstorm                Conj/Ice       59%        3d13      2%          3
 Haunt                    Necr/Summ      57%        N/A       2%          7
 Storm Form               Tmut/Air       57%        N/A       3%          7
 Freezing Cloud           Conj/Ice/Air   40%        6-21      4%          5
 Malign Gateway           Summ/Tloc      54%        N/A       6%          7
 Eringya's Noxious Bog    Tmut/Pois      47%        N/A       7%          6
 Flame Wave               Conj/Fire      59%        2d14      8%          4
 Olgreb's Toxic Radiance  Pois           59%        N/A       8%          4
 Sticky Flame             Conj/Fire      59%        2d7       8%          4
 Summon Ice Beast         Ice/Summ       59%        N/A       8%          4
 Conjure Ball Lightning   Conj/Air       45%        3x3d16    10%         6
 Iron Shot                Conj/Erth      41%        9d8       19%         6
 Fireball                 Conj/Fire      29%        3d13      22%         5
 Iskenderun's Battlesphe  Conj           59%        2d11      22%         5
 Maxwell's Capacitive Co  Air            56%        ∞         34%         8
 Starburst                Conj/Fire      29%        6d9       77%         6
 Summon Cactus Giant      Summ           29%        N/A       77%         6
 Monstrous Menagerie      Summ           29%        N/A       100%        7
 Orb of Destruction       Conj           29%        9d9       100%        7
 Spellforged Servitor     Conj/Summ      29%        N/A       100%        7
 Ignition                 Fire           29%        3d9       100%        8
 Lehudib's Crystal Spear  Conj/Erth      41%        10d10     100%        8
 Summon Horrible Things   Summ           29%        N/A       100%        8
 Dragon's Call            Summ           29%        N/A       100%        9
 Fire Storm               Conj/Fire      29%        8d8       100%        9
 Polar Vortex             Ice            29%        N/A       100%        9


Dungeon Overview and Level Annotations

Branches:
Dungeon (15/15)            Temple (0/1) D:5            Lair (5/5) D:10
  Swamp (4/4) Lair:2       Spider (4/4) Lair:3        Slime (5/5) Lair:5
    Orc (2/2) D:9             Elf (3/3) Orc:2        Vaults (5/5) D:14
  Crypt (3/3) Vaults:3       Tomb (3/3) Crypt:3      Depths (4/4) D:15
   Hell (visited)             Dis (7/7) Hell            Geh (7/7) Hell
    Coc (7/7) Hell            Tar (7/7) Hell            Zot (5/5) Depths:4
 Bailey (visited)           IceCv (visited)         Volcano (visited)
Desolation (visited)

Altars:
Ashenzari
Cheibriados
Fedhas
Hepliaklqana
Makhleb
Sif Muna
Trog
Uskayaw
Vehumet
Wu Jian
Xom
Yredelemnul
Jiyva

Shops:
D:2 (   D:4 [*   D:14 ?   Orc:2 [[?[!([(   Elf:2 :   Vaults:2 (   Vaults:4 [
Zot:5 *   Depths:3 [

Portals:
Hell: Depths:1 Depths:2 Depths:3 Depths:4
Abyss: Depths:2 Depths:3
Pandemonium: Depths:2 Depths:4
Ziggurat: Depths:4

Annotations:
D:12 1 transporter
Slime:2 exclusion: upstairs
Orc:1 2 transporters
Orc:2 Saint Roka
Vaults:2 2 transporters, freelancePsychic's ghost, adept TrWn
Vaults:3 2 transporters
Dis:7 exclusion: 2 doors
Tar:4 1 exclusion
Tar:7 1 exclusion


Innate Abilities, Weirdness & Mutations

Your life essence is reduced to manifest your ancestor. (-10% HP)
You have sharp toenails.
You are partially covered in large bone plates. (SH +4)
Your mind is acute. (Int +4, Str/Dex -1)
You are covered in fur. (AC +1)
You occasionally lose the ability to drink potions when taking damage.


Message History

You fade into invisibility!
You feel very mighty all of a sudden.
You feel clever all of a sudden.
You feel protected.
You feel yourself speed up.
Really quaff the potion of mutation?
You feel extremely strange.
Your thinking seems confused.
You feel clumsy.
You feel strong-willed.
Really quaff the potion of mutation?
You feel extremely strange.
You no longer feel strong-willed.
Your body twists and deforms.
You begin to heal more quickly.
Really quaff the potion of mutation?
You feel extremely strange.
Your rate of healing slows.
Your body's shape seems more normal.
You feel resistant to cold.
Your feet thicken and deform.
Unknown command.
Really quaff the potion of mutation?
You feel extremely strange.
Your hooves expand and flesh out into feet!
You no longer feel cold resistant.
You feel stronger.
You feel clever.
Large bone plates grow over parts of your arms.
You feel resistant to cold.
Really quaff the potion of mutation?
You feel extremely strange.
Your large bone plates disappear.
You feel weaker.
You no longer feel cold resistant.
Large bone plates grow over parts of your arms.
Your toenails lengthen and sharpen.
You occasionally lose the ability to drink potions when taking damage.
Fur sprouts all over your body.
As you read the scroll of butterflies, it crumbles to dust.
You hear the flapping of tiny wings.
LexFirch is knocked back by the sudden gust.
Okay, then.
Casting: Swiftness (safe; 0% risk of failure)
Confirm with . or Enter, or press ? or * to list all spells.
You feel a surge of power!
You stand defiantly in death's doorway!
You seem to hear sand running through an hourglass...
You have escaped!

#.# #.###...# ##########.#
#.......#
#..........#######..##...#
#.#..###........))..###.##
#.......b........##.# #.##
########[..##♣♣♣b♣♣♣##..##.#
#... ...........# ♣b♣
#..##.# ###.
#######....♣♣♣♣♣b♣♣♣♣♣..##.#
#. #......bbb@bbbbb..##.# #.
##...♣♣♣♣♣b♣♣♣♣♣..##.# #.
##..# ♣b♣ #..##.# #.
##..##♣♣♣R♣♣♣##..##.# #.
########.................#.#
#.
......##.##..#####.........#
#. ....#.##.##..#
#####...### #.
..##..##.##..# ##.## ##
.#.#..##.##..# #.# #


You could see the friendly LexFirch the knight (reflecting).

Vanquished Creatures
  Cerebov (Pan)
  Antaeus (Coc:7)
  the Royal Jelly (Slime:5)
  Gloorx Vloq (Pan)
  the Serpent of Hell (Coc:7)
  Mnoleg (Pan)
  Dispater (Dis:7)
  4 dread liches
  7 pandemonium lords
  3 ancient liches
  5 orbs of fire
  Mara (Depths:1)
  4 juggernauts
  16 royal mummies
  15 shard shrikes
  3 Killer Klowns (Zot:5)
  4 curse toes
  Geryon (Hell)
  8 caustic shrikes
  17 profane servitors
  The ghost of Rakupo Megg the Devastator, a veteran GrEE of Lugonu (Crypt:3)
  12 golden dragons
  the Enchantress (Depths:2)
  17 Brimstone Fiends
  6 bone dragons
  12 doom hounds
  4 iron giants (Dis:7)
  A spectral shard shrike (Tar:1)
  12 Tzitzimimeh
  2 electric golems
  16 tentacled monstrosities
  5 hellephants
  The ghost of Bipt the Brawler, an adept TrDe of Ru (Swamp:3)
  22 Orb Guardians
  15 tainted leviathans
  12 Hell Sentinels
  24 Ice Fiends
  19 searing wretches
  11 quicksilver dragons
  2 deep elf blademasters
  19 titans
  A walking earthen tome (Depths:3)
  16 liches
  Murray (Hell)
  28 ancient champions
  5 death cobs
  12 Executioners
  2 deep elf master archers (Elf:3)
  24 acid blobs
  Gastronok (D:9)
  3 tentacled starspawn
  An eldritch tentacle (Pan)
  12 shadow dragons
  8 sphinxes
  5 draconian monks
  10 tengu reavers
  13 storm dragons
  A revenant (Crypt:1)
  Donald (Orc:2)
  8 rockslimes
  12 azure jellies
  4 deep elf sorcerers (Elf:3)
  12 narguns (Coc:7)
  6 demonspawn warmongers (Pan)
  Louise (Swamp:3)
  10 frost giants
  11 fire giants
  8 quicksilver elementals
  14 vault wardens
  8 emperor scorpions
  An imperial myrmidon (Desolation)
  35 balrugs
  8 ghost moths
  4 draconian shifters
  4 draconian scorchers
  5 iron dragons
  A caustic shrike zombie (Crypt:2)
  An angel (Depths:3)
  2 orc warlords (Vaults:2)
  2 broodmothers
  7 curse skulls
  10 demonspawn blood saints (Pan)
  3 deep elf elementalists (Elf:3)
  4 shard shrike simulacra
  8 ghouls
  A spectral caustic shrike (Tar:5)
  9 draconian annihilators
  17 reapers
  11 quicksilver oozes
  13 stone giants
  3 spriggan defenders (Depths:2)
  16 ironbound preservers
  2 caustic shrike skeletons
  4 draconian stormcallers
  3 ironbound thunderhulks
  17 cacodemons
  9 demonspawn black suns
  10 very ugly things
  37 war gargoyles
  9 demonspawn corrupters (Pan)
  5 vampire knights
  6 deep elf demonologists
  5 bennus
  12 black draconians
  14 elemental wellsprings
  Azrael (D:12)
  5 eleionomae
  Nessos (D:12)
  A rockslime zombie (Crypt:3)
  A spectral titan (Tar:2)
  7 white draconians
  9 purple draconians
  8 deep elf annihilators
  3 green draconians
  25 putrid mouths
  2 bunyips
  4 yellow draconians
  10 red draconians
  14 wendigos
  4 halazid warlocks (Desolation)
  6 spark wasps
  8 lorocyprocas
  13 blizzard demons
  16 dire elephants
  2 fire dragons
  4 deep elf death magi
  12 green deaths
  A crystal guardian (Vaults:3)
  10 eidola
  14 iron golems
  A ragged hierophant (Vaults:4)
  3 entropy weavers
  17 mummy priests
  10 jiangshi
  17 ettins
  A spectral kraken (Tar:7)
  6 deep elf high priests
  A merfolk javelineer (Depths:3)
  A quicksilver dragon zombie (Crypt:2)
  5 great orbs of eyes
  14 yaktaur captains
  6 spectral spriggans
  8 ice dragons
  2 servants of whispers (Desolation)
  7 caustic shrike simulacra
  11 rakshasas
  A spriggan zombie (Crypt:1)
  2 hell beasts (Pan)
  A juggernaut simulacrum (Coc:7)
  6 salamander tyrants
  13 hydras
  Erolcha (D:10)
  2 ghost crabs (Swamp:1)
  A fenstrider witch zombie (Tomb:1)
  7 peacekeepers
  5 ironbound frosthearts
  4 ogre magi
  6 stokers
  34 vault guards
  4 death knights
  A catoblepas (Lair:4)
  A fenstrider witch skeleton (Pan)
  3 spriggan skeletons
  4 spriggan air magi
  A radroach (Spider:4)
  2 bennu zombies
  2 jorogumos
  An anaconda (shapeshifter) (Abyss:4)
  11 centaur warriors
  5 boulder beetles
  30 death scarabs
  13 death yaks
  10 two-headed ogres
  7 alligators
  5 deep troll shamans (Depths:1)
  8 spriggan berserkers
  24 hell hogs
  2 thrashing horrors
  2 tengu warriors (Depths:1)
  A spectral dire elephant (Tar:1)
  31 dancing weapons
  3 deep troll earth magi
  A shock serpent (shapeshifter) (Depths:2)
  Nergalle (D:12)
  Sonja (Orc:2)
  13 deep elf knights
  19 hell knights
  9 vampire magi
  19 soul eaters
  A titan skeleton (Tomb:1)
  66 sun demons
  10 shadow wraiths
  15 sixfirhies
  21 skeletal warriors
  6 wretched stars
  4 iron trolls
  14 crystal echidnas
  2 goliath frogs (Swamp:1)
  48 deep trolls
  8 glowing orange brains
  4 pharaoh ants
  7 shadow demons
  5 sun moths
  44 large abominations
  9 orb spiders
  5 flayed ghosts
  6 spriggan simulacra
  7 steelbarb worms
  4 deep elf archers
  3 quicksilver dragon simulacra
  5 bog bodies
  2 spriggan druids
  7 swamp dragons
  18 ironbound convokers
  A harpy (shapeshifter) (Elf:1)
  4 lindwurms
  An anaconda skeleton (Pan)
  A bunyip skeleton (Crypt:2)
  22 deep elf zephyrmancers
  15 orc knights
  9 wizards
  15 deep elf pyromancers
  18 phantasmal warriors
  3 harpies (Vaults:1)
  A wolf spider zombie (Crypt:3)
  14 wolf spiders
  30 ugly things
  15 necromancers
  4 cyclopes
  4 manticores
  10 shining eyes
  An eleionoma zombie (Crypt:1)
  2 orc sorcerers (Orc:2)
  A spectral centaur (Tar:2)
  3 will-o-the-wisps
  20 moths of wrath
  7 elephants (Lair:5)
  2 elephants (shapeshifter) (Vaults:5)
  2 fire giant skeletons
  2 rust devils
  2 stone giant skeletons
  4 guardian serpents (Desolation)
  A frost giant skeleton (Vaults:4)
  17 vault sentinels
  Maurice (D:10)
  5 molten gargoyles
  A naga zombie (Tomb:2)
  41 smoke demons
  4 black mambas (Lair:5)
  36 demonic crawlers
  An alligator snapping turtle zombie (Crypt:1)
  4 titan simulacra
  2 torpor snails
  7 eyes of devastation
  7 spectral swamp worms (Tar:7)
  2 ice statues (Coc:7)
  A purple draconian zombie (Crypt:3)
  10 cane toads
  2 gargoyles
  4 kobold demonologists (D:11)
  24 orange demons
  3 bunyip simulacra
  A minotaur zombie (Crypt:1)
  25 hellions
  4 rime drakes
  15 freezing wraiths
  A catoblepas zombie (Crypt:1)
  2 centaur skeletons
  3 komodo dragons
  A komodo dragon (shapeshifter) (Vaults:5)
  2 unseen horrors
  Psyche (D:12)
  8 ice devils
  An iron troll zombie (Crypt:1)
  8 efreet
  23 guardian mummies
  2 harpy zombies
  36 tormentors
  A yellow draconian skeleton (Crypt:3)
  24 yaktaurs
  2 anaconda simulacra (IceCv)
  2 tengu conjurers
  A spectral naga (Tar:6)
  2 alligator snapping turtle skeletons
  5 red devils (Pan)
  2 spectral harpies
  20 hellwings (Pan)
  A polar bear (Lair:1)
  10 meliai
  8 trolls
  11 hornets
  An iron giant simulacrum (Coc:7)
  6 tyrant leeches
  3 silent spectres
  25 tarantellas
  Prince Ribbit (D:7)
  35 saltlings
  11 blink frogs
  A moth of wrath zombie (Crypt:1)
  2 dream sheep (Lair:5)
  An ettin zombie (D:15)
  A guardian serpent zombie (Crypt:2)
  An iron dragon simulacrum (Coc:7)
  9 raiju (Abyss:4)
  A stone giant simulacrum (Coc:1)
  6 flying skulls
  63 slime creatures
  17 jumping spiders
  4 air elementals
  2 black mamba zombies
  A human simulacrum (Coc:1)
  An ice dragon skeleton (Pan)
  12 culicivoras
  An ettin skeleton (Abyss:4)
  3 shadows
  25 ynoxinuls
  A naga simulacrum (Coc:1)
  11 spriggans
  9 water elementals
  11 wraiths
  A wyvern (Lair:3)
  2 elf simulacra (Vaults:4)
  A vampire (D:10)
  2 dire elephant simulacra
  A human (Vaults:2)
  13 ushabtiu
  5 basilisks
  30 yaks
  8 fire bats
  4 fire elementals
  9 golden eyes
  27 redbacks
  13 neqoxecs (Pan)
  5 vampire mosquitoes
  A steam dragon (D:8)
  34 chaos spawn
  A glowing shapeshifter zombie (D:15)
  6 minotaur simulacra (IceCv)
  9 harpy simulacra
  4 wargs
  13 swamp worms
  A human zombie (D:15)
  5 acid dragons
  A floating eye (shapeshifter) (Vaults:5)
  A hydra simulacrum (IceCv)
  8 water moccasins
  4 hell hounds (D:12)
  2 naga skeletons
  41 orc warriors
  7 floating eyes
  3 swamp drakes
  A sky beast (D:8)
  4 ettin simulacra
  A snapping turtle zombie (Crypt:2)
  An ice beast (D:6)
  2 black bears
  4 alligator simulacra (IceCv)
  6 ogres
  7 wolves
  11 centaurs
  3 starcursed masses
  4 small abominations (Abyss:3)
  3 bullfrogs
  3 kobold brigands
  A fire crab zombie (Crypt:3)
  3 scorpions (D:5)
  A wyvern zombie (D:7)
  A gnoll sergeant (D:9)
  3 necrophages
  7 deep troll simulacra
  2 wights (D:8)
  A polar bear zombie (Crypt:1)
  A water moccasin skeleton (Crypt:1)
  2 lindwurm simulacra (IceCv)
  A shapeshifter zombie (Crypt:3)
  4 howler monkeys
  2 electric eels
  7 crimson imps (Pan)
  6 lava snakes (Volcano)
  3 hounds
  5 jellies
  5 orc priests
  A quasit (Abyss:3)
  A gnoll bouda (D:6)
  Crazy Yiuf (D:7)
  An iron imp (Abyss:3)
  4 hell rats (Hell)
  7 orc wizards
  55 mummies
  A howler monkey zombie (D:7)
  9 gnolls
  7 adders
  3 dart slugs
  65 orcs
  6 endoplasms
  5 giant cockroaches
  A gnoll zombie (Crypt:2)
  7 hobgoblins
  6 jackals
  6 quokkas
  6 ball pythons
  A bat (D:3)
  An endoplasm zombie (Crypt:2)
  4 frilled lizards
  13 goblins
  24 kobolds
  4 rats (D:1)
  5 creeping infernos
  24 fire vortices
  5 starspawn tentacles
  2 tentacles (Tar:7)
3289 creatures vanquished.

Vanquished Creatures (collateral kills)
  2 pandemonium lords (Pan)
  Asmodeus (Geh:7)
  2 dread liches (Zot:5)
  2 ancient liches (Zot:5)
  A juggernaut (Depths:2)
  A juggernaut (shapeshifter) (Vaults:5)
  5 royal mummies
  5 shard shrikes
  2 caustic shrikes
  3 golden dragons
  5 profane servitors
  4 bone dragons
  5 Tzitzimimeh
  Arachne (Spider:3)
  4 Brimstone Fiends
  5 hellephants
  An electric golem (Zot:5)
  5 Ice Fiends
  An iron giant (Dis:7)
  3 doom hounds
  5 tainted leviathans
  Mlioglotl (Swamp:1)
  4 tentacled monstrosities
  Asterion (Vaults:1)
  A lich (Tomb:1)
  A walking divine tome (Depths:2)
  3 Hell Sentinels (Dis:7)
  A deep elf master archer (Elf:3)
  4 Orb Guardians (Zot:5)
  7 searing wretches
  A titan (Coc:7)
  3 acid blobs
  3 Executioners (Pan)
  A quicksilver dragon (Zot:3)
  2 tentacled starspawn
  5 ancient champions
  2 sphinxes
  A storm dragon (Zot:4)
  5 shadow dragons
  A draconian monk (Zot:3)
  3 rockslimes
  4 draconian knights
  A nargun (Coc:7)
  4 fire giants
  3 iron dragons
  2 quicksilver elementals
  2 deep elf sorcerers
  2 frost giants (Depths:2)
  An angel (Depths:3)
  14 balrugs
  2 vault wardens
  An imperial myrmidon (Desolation)
  2 spriggan defenders (Depths:2)
  3 ghost moths
  A draconian annihilator (Zot:3)
  2 deep elf elementalists (Elf:3)
  A spectral caustic shrike (Tar:1)
  4 cacodemons
  11 very ugly things
  9 ironbound preservers
  5 reapers
  A quicksilver ooze (Slime:5)
  4 draconian stormcallers
  A broodmother (Spider:2)
  3 war gargoyles
  An ironbound thunderhulk (Vaults:3)
  A stone giant (Depths:2)
  3 demonspawn blood saints
  A vampire knight (Crypt:1)
  3 green draconians
  5 putrid mouths
  2 demonspawn black suns (Pan)
  5 black draconians
  4 wendigos (Coc:7)
  A lorocyproca (Abyss:3)
  3 spark wasps
  A deep elf demonologist (Vaults:5)
  2 yellow draconians
  2 deep elf annihilators
  2 elemental wellsprings
  3 purple draconians
  3 bennus (Tomb:3)
  3 white draconians
  5 dire elephants
  5 red draconians
  4 iron golems
  5 blizzard demons (Pan)
  A spectral kraken (Tar:7)
  3 ettins (Abyss:4)
  2 fire dragons
  3 deep elf death magi
  3 eidola
  2 ragged hierophants (Desolation)
  6 green deaths
  2 yaktaur captains
  An entropy weaver (Spider:4)
  A jiangshi (Crypt:3)
  3 deep elf high priests
  A great orb of eyes (Slime:3)
  An ice dragon (Depths:2)
  2 rakshasas
  6 hydras
  A peacekeeper (Desolation)
  A shambling mangrove (Swamp:3)
  8 vault guards
  3 salamander tyrants (Geh:2)
  A servant of whispers (Desolation)
  A caustic shrike simulacrum (Coc:7)
  A spriggan skeleton (Crypt:1)
  2 radroaches (Spider:2)
  3 ironbound frosthearts
  3 stokers
  4 dancing weapons
  A boulder beetle (D:14)
  A death knight (Crypt:1)
  Urug (Lair:2)
  An alligator (Swamp:3)
  3 deep troll earth magi
  2 two-headed ogres
  A vampire mage (Crypt:1)
  3 death yaks
  9 death scarabs
  A titan zombie (Tomb:2)
  An orc high priest (Orc:1)
  A hell hog (Geh:1)
  A thrashing horror (Abyss:3)
  2 deep elf knights
  4 hell knights
  A spectral naga (Tar:3)
  A wretched star (Abyss:3)
  8 sun demons
  2 crystal echidnas (Dis:7)
  3 soul eaters
  An iron troll (Depths:3)
  A shadow wraith (Crypt:1)
  3 skeletal warriors
  2 sixfirhies (Pan)
  A titan skeleton (Pan)
  A fire crab (Lair:4)
  2 goliath frogs
  A death drake (Abyss:4)
  2 flayed ghosts
  16 deep trolls
  9 large abominations
  3 bog bodies
  An obsidian statue (IceCv)
  3 shadow demons (Pan)
  A glowing orange brain (Pan)
  3 swamp dragons (Swamp:4)
  2 orb spiders
  3 wizards
  2 spriggan simulacra
  3 deep elf archers (Elf:1)
  3 orc knights
  An anaconda skeleton (Crypt:3)
  A lindwurm (Vaults:2)
  6 deep elf pyromancers
  3 phantasmal warriors
  2 deep elf zephyrmancers
  A steelbarb worm (Spider:4)
  5 ironbound convokers
  4 necromancers
  2 wolf spiders
  A stone giant zombie (D:15)
  8 ugly things
  3 elephants (Lair:5)
  A spectral centaur (Tar:2)
  5 moths of wrath
  A will-o-the-wisp (Swamp:1)
  3 rust devils (Pan)
  4 vault sentinels
  A naga zombie (Crypt:1)
  A stone giant skeleton (Tomb:1)
  A dire elephant zombie (Crypt:1)
  5 smoke demons
  6 demonic crawlers
  A spectral swamp worm (Tar:7)
  4 orange demons
  2 rime drakes (Lair:5)
  5 cane toads
  3 komodo dragons
  A centaur skeleton (Tomb:1)
  A hellion (Tar:2)
  Maggie (D:7)
  An efreet (Pan)
  6 yaktaurs
  7 tormentors
  A kobold demonologist (D:11)
  A freezing wraith (Coc:1)
  An ancient zyme (Abyss:3)
  15 guardian mummies
  A troll (D:10)
  2 red devils
  A queen bee (Abyss:3)
  A meliai (Abyss:3)
  3 hellwings (Pan)
  3 tyrant leeches
  4 saltlings (Desolation)
  2 hornets (Swamp:3)
  7 tarantellas
  25 slime creatures
  2 blink frogs
  A flying skull (Tomb:2)
  2 culicivoras (Spider:1)
  2 jumping spiders
  An alligator skeleton (Crypt:2)
  2 vampires
  2 shadows (Swamp:4)
  16 yaks
  4 spriggans
  2 water elementals
  An air elemental (Elf:2)
  A naga simulacrum (Crypt:2)
  7 ynoxinuls
  A basilisk (D:14)
  A wyvern (Lair:1)
  2 wraiths
  2 fire bats
  3 minotaur simulacra (IceCv)
  A neqoxec (Pan)
  An alligator snapping turtle simulacrum (Coc:1)
  A steam dragon (D:7)
  4 ushabtiu
  10 redbacks
  5 chaos spawn
  2 vampire mosquitoes
  A glowing shapeshifter zombie (Vaults:4)
  A water moccasin (Lair:5)
  An acid dragon (D:9)
  2 small abominations (Abyss:3)
  A skyshark zombie (Crypt:1)
  A floating eye (Pan)
  5 orc warriors
  A merfolk skeleton (Crypt:2)
  2 swamp drakes
  A hornet zombie (D:7)
  2 centaurs
  A wolf (Lair:2)
  A komodo dragon zombie (Crypt:2)
  An earth elemental (Elf:3)
  3 bullfrogs
  A scorpion (D:5)
  4 deep troll simulacra (IceCv)
  A wyvern zombie (D:7)
  A necrophage (D:7)
  6 wights
  2 howler monkeys (D:10)
  A crimson imp (Pan)
  A quasit (Abyss:3)
  A human zombie (D:7)
  2 jellies (Lair:5)
  4 orc priests
  An iguana (D:5)
  4 orc wizards
  A hell rat (Hell)
  5 mummies
  6 gnolls
  An adder (D:4)
  A dart slug (D:4)
  9 orcs
  An endoplasm (D:4)
  A goblin (D:9)
  2 hobgoblins
  8 kobolds
  A ball lightning (Pan)
  7 fire vortices
771 creatures vanquished.

Vanquished Creatures (others)
  A tainted leviathan (Tar:7)
  2 eldritch tentacles
  A deep elf master archer (Elf:3)
  A shard shrike simulacrum (Coc:7)
  A vault warden (Vaults:5)
  A draconian annihilator (Pan)
  A demonspawn blood saint (Pan)
  A stone giant (Depths:1)
  A green death (Pan)
  A deep elf high priest (Elf:3)
  A caustic shrike simulacrum (Coc:7)
  A centaur warrior (Vaults:3)
  An alligator (Swamp:4)
  A death scarab (Tomb:2)
  A deep elf knight (Elf:2)
  2 sixfirhies (Pan)
  A deep elf archer (Elf:3)
  A shadow demon (Pan)
  A wizard (Pan)
  A glowing orange brain (Pan)
  A smoke demon (Pan)
  A vault sentinel (Vaults:1)
  5 yaktaurs
  2 efreet (Pan)
  2 bloated husks
  3 slime creatures (D:12)
  A ynoxinul (Pan)
  An ettin simulacrum (Coc:7)
  A kobold brigand (D:9)
  A hell rat (Hell)
  59 knights
  An ancestor (D:5)
  8 ball lightnings (Pan)
  4 demonic plants (Pan)
  2 fire vortices
  10 foxfires
  17 fungi
  45 plants
  12 starspawn tentacles
  6 tentacles (Tar:7)
  5 withered plants (D:15)
209 creatures vanquished.

Grand Total: 4269 creatures vanquished

Notes
Turn   | Place    | Note
-------+----------+-------------------------------------------
     0 | D:1      | FexLirch the Deep Elf Gladiator began the quest for the
                  | Orb.
     0 | D:1      | Reached XP level 1. HP: 12/12 MP: 3/3
    91 | D:1      | Reached XP level 2. HP: 15/17 MP: 4/4
   395 | D:1      | Reached XP level 3. HP: 21/21 MP: 5/5
   940 | D:2      | Found Kuos's Antique Weapon Boutique.
   952 | D:2      | Identified the +6 sling of Annihilation {heavy, Str+4}
  1653 | D:3      | Found an ornate altar of the Wu Jian Council.
  1694 | D:3      | Found a shimmering altar of Xom.
  1722 | D:3      | Reached XP level 4. HP: 26/26 MP: 6/6
  2003 | D:3      | Found a radiant altar of Vehumet.
  2004 | D:3      | Found a snail-covered altar of Cheibriados.
  2117 | D:3      | Found a faded altar of an unknown god.
  2201 | D:3      | Prayed at the altar of an unknown god.
  2201 | D:3      | Became a worshipper of Hepliaklqana the Forgotten
  2201 | D:3      | Reached * piety under Hepliaklqana
  2408 | D:4      | Found Xihimp's Armour Boutique.
  2604 | D:4      | Found Cucoran's Assorted Antiques.
  2635 | D:4      | Reached XP level 5. HP: 20/27 MP: 7/7
  2802 | D:4      | Noticed an ogre
  2829 | D:4      | Killed an ogre
  2830 | D:4      | Reached skill level 5 in Dodging
  2999 | D:4      | Bought the +2 ratskin cloak {*Rats rPois rN+ Str-1 Int-1
                  | Dex+1} for 278 gold pieces
  2999 | D:4      | Found the +2 ratskin cloak {*Rats rPois rN+ Str-1 Int-1
                  | Dex+1}
  3158 | D:5      | Entered Level 5 of the Dungeon
  3175 | D:5      | Reached XP level 6. HP: 31/32 MP: 8/8
  3248 | D:5      | Reached skill level 5 in Long Blades
  3292 | D:5      | Found a staircase to the Ecumenical Temple.
  3397 | D:5      | Noticed a water moccasin
  3413 | D:5      | Killed a water moccasin
  3414 | D:5      | Reached XP level 7. HP: 15/36 MP: 9/9
  3553 | D:5      | Reached ** piety under Hepliaklqana
  3554 | D:5      | Remembered your ancestor LexFirch as a knight
  3600 | D:5      | Found a blossoming altar of Fedhas.
  4183 | D:6      | Reached XP level 8. HP: 43/43 MP: 10/10
  4259 | D:6      | Reached *** piety under Hepliaklqana
  4519 | D:7      | Noticed Maggie
  4531 | D:7      | Killed Maggie
  4622 | D:7      | Reached skill level 1 in Ranged Weapons
  4677 | D:7      | Found a broken altar of Ashenzari.
  4688 | D:7      | Identified the +4 leather armour "Arghurr" {Drain Int+4}
  4758 | D:7      | Noticed Prince Ribbit
  4764 | D:7      | Killed Prince Ribbit
  4765 | D:7      | Reached skill level 5 in Fighting
  4765 | D:7      | Reached XP level 9. HP: 48/48 MP: 11/11
  4785 | D:7      | Found a burning altar of Makhleb.
  4811 | D:7      | HP: 2/48 [something (11)]
  5014 | D:7      | Found a runed translucent door.
  5015 | D:7      | Noticed Crazy Yiuf
  5022 | D:7      | Killed Crazy Yiuf
  5072 | D:7      | Found a basalt altar of Yredelemnul.
  5465 | D:8      | Found a flagged portal.
  5474 | Bailey   | Entered a bailey
  5652 | Bailey   | Reached skill level 5 in Ranged Weapons
  5660 | Bailey   | Reached XP level 10. HP: 54/54 MP: 12/12
  5721 | Bailey   | Found the +9 staff of Wucad Mu {*channel}
  5898 | D:8      | Reached **** piety under Hepliaklqana
  6249 | D:8      | Reached skill level 10 in Long Blades
  6336 | D:8      | Learned a level 2 spell: Blink
  6500 | D:9      | Noticed a two-headed ogre
  6910 | D:9      | Reached skill level 1 in Spellcasting
  6915 | D:9      | Reached skill level 1 in Translocations
  6922 | D:9      | Reached skill level 1 in Transmutations
  6951 | D:9      | Reached skill level 1 in Air Magic
  7131 | D:9      | Found a staircase to the Orcish Mines.
  7207 | D:9      | Noticed Gastronok
  7220 | D:9      | Killed Gastronok
  7221 | D:9      | Reached skill level 10 in Dodging
  7799 | D:9      | Killed a two-headed ogre
  7800 | D:9      | Reached XP level 11. HP: 59/59 MP: 17/17
  7805 | D:9      | Learned a level 4 spell: Manifold Assault
  7882 | D:10     | Entered Level 10 of the Dungeon
  8130 | D:10     | Noticed a two-headed ogre
  8136 | D:10     | Killed a two-headed ogre
  8150 | D:10     | Noticed Maurice
  8161 | D:10     | Killed Maurice
  8280 | D:10     | Reached ***** piety under Hepliaklqana
  8326 | D:10     | Found a shimmering blue altar of Sif Muna.
  8334 | D:10     | Got Sif Muna's Volume of Bruises
  8339 | D:10     | Found a bloodstained altar of Trog.
  8661 | D:10     | Noticed Erolcha
  8665 | D:10     | Killed Erolcha
  8751 | D:10     | Found a staircase to the Lair.
  8830 | D:10     | Reached skill level 5 in Spellcasting
  9171 | D:11     | Noticed a sun demon
  9176 | D:11     | Noticed a purple ugly thing
  9226 | D:11     | Killed a purple ugly thing
  9230 | D:11     | Reached skill level 5 in Translocations
  9405 | D:11     | Identified the +2 robe of Taisivoh {Will+}
  9499 | D:11     | Noticed a boulder beetle
  9521 | D:11     | Killed a boulder beetle
  9522 | D:11     | Reached XP level 12. HP: 29/64 MP: 10/22
 10120 | D:12     | Noticed Azrael
 10321 | D:12     | Noticed Psyche
 10325 | D:12     | Killed Psyche
 10355 | D:12     | Reached skill level 1 in Invocations
 10401 | D:12     | Found a transporter.
 10584 | D:12     | Noticed Nergalle
 10591 | D:12     | Noticed Nessos
 10592 | D:12     | Killed Nergalle
 10810 | Lair:1   | Entered Level 1 of the Lair of Beasts
 11139 | Lair:1   | Learned a level 3 spell: Swiftness
 11141 | Lair:1   | Learned a level 1 spell: Apportation
 11824 | Lair:2   | Noticed Urug
 11836 | Lair:2   | Killed Urug
 11837 | Lair:2   | Reached skill level 10 in Ranged Weapons
 12075 | Lair:2   | Found a staircase to the Swamp.
 12355 | Lair:2   | Noticed an eight-headed hydra
 12374 | Lair:2   | Killed an eight-headed hydra
 12430 | Lair:2   | Reached ****** piety under Hepliaklqana
 12637 | Lair:2   | Noticed a death yak
 12637 | Lair:2   | Noticed a death yak
 12639 | Lair:2   | Noticed a death yak
 12639 | Lair:2   | Noticed a death yak
 12645 | Lair:2   | Noticed a death yak
 12646 | Lair:2   | Noticed a death yak
 12650 | Lair:2   | Killed a death yak
 12655 | Lair:2   | Killed a death yak
 12660 | Lair:2   | Killed a death yak
 12802 | Lair:2   | Reached XP level 13. HP: 71/71 MP: 23/23
 13518 | Lair:3   | Reached skill level 5 in Invocations
 13520 | Lair:3   | Found a dark tunnel.
 13529 | Volcano  | Entered a volcano
 13799 | Volcano  | Found a bloodstained altar of Trog.
 14059 | Lair:3   | Identified the +2 scale mail of Limited Liability {Regen+}
 14454 | Lair:3   | Found a hole to the Spider Nest.
 15646 | Lair:5   | Entered Level 5 of the Lair of Beasts
 15923 | Lair:5   | Reached XP level 14. HP: 77/77 MP: 5/24
 16697 | Lair:5   | Found a staircase to the Slime Pits.
 16810 | Lair:5   | Found a viscous altar of Jiyva.
 17667 | Orc:1    | Entered Level 1 of the Orcish Mines
 17862 | Orc:2    | Entered Level 2 of the Orcish Mines
 18021 | Orc:2    | Found Nuqokihe's Weapon Shop.
 18031 | Orc:2    | Noticed Sonja
 18034 | Orc:2    | Killed Sonja
 18035 | Orc:2    | Found Emet's Distillery.
 18044 | Orc:2    | Bought a potion of degeneration for 14 gold pieces
 18183 | Orc:2    | Noticed Donald
 18281 | Orc:1    | Reached skill level 10 in Fighting
 18802 | Orc:1    | Found a transporter.
 18876 | Orc:1    | Noticed an orc warlord
 18878 | Orc:1    | Found a transporter.
 18943 | Orc:1    | Noticed a stone giant
 19085 | Orc:2    | Killed Donald
 19541 | Orc:2    | Found a staircase to the Elven Halls.
 19788 | Orc:2    | Found Ipheness's Armour Boutique.
 19788 | Orc:2    | Found Giopt's Weapon Emporium.
 19882 | Orc:2    | Reached skill level 10 in Translocations
 19883 | Orc:2    | Noticed Saint Roka
 20102 | Orc:2    | Reached XP level 15. HP: 42/82 MP: 5/25
 20378 | Orc:2    | Found Taboc's Magic Scroll Boutique.
 20378 | Orc:2    | Found Xoettoec's Armour Emporium.
 20383 | Orc:2    | Bought a scroll of teleportation for 48 gold pieces
 20383 | Orc:2    | Bought a scroll of fear for 64 gold pieces
 20398 | Orc:2    | Bought a +0 helmet of see invisible for 149 gold pieces
 20441 | Orc:2    | Bought the +5 troll leather armour of the Present {rElec
                  | Regen+} for 756 gold pieces
 20490 | Orc:2    | Found Mueref's Antique Armour Emporium.
 20513 | Orc:2    | Found Voihah's Antique Armour Boutique.
 20521 | Orc:2    | Bought a fabulously ornate robe for 228 gold pieces
 20521 | Orc:2    | Identified the +3 robe "Ceis" {*Slow SInv Archmagi} (You
                  | bought it in a shop on level 2 of the Orcish Mines)
 20718 | Swamp:1  | Entered Level 1 of the Swamp
 21789 | Swamp:1  | Noticed Mlioglotl
 21815 | Swamp:1  | Noticed a tentacled starspawn
 21823 | Swamp:1  | Killed Mlioglotl
 22496 | Swamp:2  | Got Sif Muna's Papyrus of Variable Breath
 22632 | Swamp:2  | Got the Anthology of the Quantum Cure
 22978 | Swamp:2  | Reached skill level 5 in Air Magic
 23064 | Swamp:2  | Got Sorcery and You
 23173 | Swamp:3  | Noticed Bipt's ghost (adept TrDe)
 23173 | Swamp:3  | Found a runed translucent door.
 23173 | Swamp:3  | Found a shimmering altar of Xom.
 23407 | Swamp:3  | Noticed Louise
 23475 | Swamp:3  | Killed Louise
 23776 | Swamp:3  | Reached skill level 15 in Dodging
 24463 | Swamp:3  | Killed Bipt's ghost
 24480 | Swamp:3  | Got the Textbook on Overhead Malediction
 24484 | Swamp:3  | Identified the ring of Bucwarunky {Drain rC- rN+++ EV+5
                  | Stlth+}
 24498 | Swamp:4  | Entered Level 4 of the Swamp
 24576 | Swamp:4  | Noticed a tentacled monstrosity
 24586 | Swamp:4  | Killed a tentacled monstrosity
 24587 | Swamp:4  | Reached XP level 16. HP: 89/89 MP: 8/26
 24970 | Swamp:4  | Reached skill level 10 in Invocations
 25130 | Swamp:4  | Learned a level 2 spell: Sublimation of Blood
 25307 | Swamp:4  | Reached skill level 1 in Necromancy
 25309 | Swamp:4  | Noticed a tentacled monstrosity
 25322 | Swamp:4  | Killed a tentacled monstrosity
 25467 | Swamp:4  | Got a decaying rune of Zot
 25519 | Swamp:4  | Reached skill level 15 in Ranged Weapons
 25523 | Swamp:4  | Identified the +0 pair of boots of Cynicism {Harm Stlth+}
 26064 | Spider:1 | Entered Level 1 of the Spider Nest
 26076 | Spider:1 | Found a frozen archway.
 26159 | IceCv    | Entered an ice cave
 26877 | IceCv    | Got the Incunable of the Deep Freeze
 26959 | IceCv    | Identified the +1 helmet "Ereill" {Fly rCorr}
 26961 | IceCv    | Identified the +6 hand crossbow of Ysiot {heavy, Str+3}
 28075 | Spider:2 | Found a hide-covered altar of Uskayaw.
 28079 | Spider:2 | Reached XP level 17. HP: 93/93 MP: 14/27
 29884 | Spider:2 | Upgraded the game from 0.30-a0-862-g1aabd4f9c5 to
                  | 0.30-a0-867-g305f33218d
 29888 | Spider:2 | Learned a level 3 spell: Vhi's Electric Charge
 30305 | Spider:3 | Reached skill level 5 in Necromancy
 30405 | Spider:3 | Identified the +1 great mace of the Sky {freeze, rElec
                  | Will- Dex+5}
 30525 | Spider:3 | Identified the +3 chain mail of Blue Skies {+Blink Int+3}
 30761 | Spider:3 | Noticed Arachne
 30776 | Spider:3 | Killed Arachne
 30951 | Spider:4 | Entered Level 4 of the Spider Nest
 32790 | Spider:4 | Reached XP level 18. HP: 100/100 MP: 1/28
 32990 | Spider:4 | Got a gossamer rune of Zot
 33636 | D:12     | Killed Nessos
 33895 | Orc:2    | Bought the +3 salamander hide armour {Flames, rFlCloud rF++
                  | rC--} for 448 gold pieces
 33895 | Orc:2    | Found the +3 salamander hide armour {Flames, rFlCloud rF++
                  | rC--}
 34004 | D:12     | Killed Azrael
 34774 | D:13     | Identified the +0 mace of Loemaog {flame, rF+ Will+ Stlth+}
 36000 | D:14     | Identified the ring of Summer {Fly Str+3}
 36028 | D:14     | Found a gate to the Vaults.
 36041 | D:14     | Learned a level 4 spell: Passage of Golubria
 36167 | D:14     | Found Lotatypp's Magic Scroll Boutique.
 36643 | D:14     | Learned a level 2 spell: Wereblood
 36706 | D:15     | Entered Level 15 of the Dungeon
 36986 | D:15     | Found a staircase to the Depths.
 37264 | D:15     | Identified the +1 robe of Narcissism {Drain Regen+ Int+2}
 38097 | Elf:1    | Entered Level 1 of the Elven Halls
 38403 | Elf:1    | Identified the +5 plate armour "Toese" {Will+ Int-5 Dex+3}
 39176 | Elf:1    | Found a radiant altar of Vehumet.
 40087 | Elf:2    | Found Cuonwinn's Self-Improvement Boutique.
 40187 | Elf:2    | Reached XP level 19. HP: 62/105 MP: 30/30
 40714 | Elf:2    | Found a runed translucent gate.
 40715 | Elf:2    | Found a runed translucent gate.
 40715 | Elf:2    | Found a runed translucent gate.
 41283 | Elf:3    | Entered Level 3 of the Elven Halls
 41312 | Elf:3    | Reached skill level 10 in Air Magic
 41572 | Elf:3    | Paralysed by an air elemental for 1 turns
 42162 | Elf:3    | Reached skill level 15 in Long Blades
 42375 | Elf:3    | Identified the +8 lajatang of the Fray {heavy, Str+2 Int+2}
 42375 | Elf:3    | Identified the ring of Dibb {Fire rElec Will+ Slay-2 SInv}
 42745 | Elf:3    | Identified the +9 halberd "Veiwowk" {heavy, Drain Int+3
                  | SInv}
 42802 | Elf:3    | Identified the ring "Zufakh" {rCorr Int+3}
 42838 | Elf:3    | Identified the +2 scimitar of the World {pain, rElec rF-
                  | Dex+5}
 42838 | Elf:3    | Identified the +1 buckler of a Billion Knives {Str-2 Int+4}
 42873 | Elf:3    | Identified the +6 trident "Zaqot" {pain, Int+3}
 42876 | Elf:3    | Identified a scroll of acquirement
 42891 | Elf:3    | Reached skill level 5 in Transmutations
 42918 | Elf:3    | Got the Precepts of Non-Euclidean Transmutation
 42958 | Abyss:3  | Cast into level 3 of the Abyss (a deep elf sorcerer)
 42994 | Abyss:3  | Gained mutation: You are somewhat resistant to further
                  | mutation. [potion of mutation]
 43061 | Abyss:3  | Found a corrupted altar of Lugonu.
 43419 | Abyss:3  | Noticed a bone dragon
 43442 | Abyss:3  | Found a corrupted altar of Lugonu.
 43624 | Abyss:3  | Reached XP level 20. HP: 111/111 MP: 18/32
 43635 | Abyss:3  | Noticed a bone dragon
 43726 | Abyss:3  | Found a corrupted altar of Lugonu.
 44121 | Abyss:4  | Reached skill level 10 in Necromancy
 44139 | Elf:3    | Escaped the Abyss
 44161 | Elf:3    | Found the +3 giant club "Skullcrusher" {speed, Str+7}
 44237 | Elf:3    | Identified the +1 scimitar of Woe {flame, rPois rN+ Str-5}
 44237 | Elf:3    | Identified the +7 chain mail of Agoraphobia {rN+ Will++}
 44404 | Elf:3    | Acquired a +3 heavy double sword
 44668 | Vaults:1 | Entered Level 1 of the Vaults
 45414 | Vaults:1 | Identified the ring of the Oligarchy {rCorr Slay+6}
 46286 | Vaults:1 | Noticed Asterion
 46296 | Vaults:1 | Killed Asterion
 46909 | Vaults:2 | Reached skill level 15 in Translocations
 47262 | Vaults:2 | Found a transporter.
 47280 | Vaults:2 | Noticed a dread lich
 47281 | Vaults:2 | Noticed freelancePsychic's ghost (adept TrWn)
 47308 | Vaults:2 | Found a transporter.
 47377 | Vaults:2 | Found Paprom's Antique Weapon Shoppe.
 47443 | Vaults:2 | Reached XP level 21. HP: 117/117 MP: 8/33
 47721 | Vaults:2 | Killed a dread lich
 48837 | Vaults:3 | Found a transporter.
 48837 | Vaults:3 | Found a transporter.
 49507 | Vaults:3 | Found a staircase to the Crypt.
 49796 | Vaults:4 | Learned a level 5 spell: Yara's Violent Unravelling
 50082 | Vaults:4 | Reached skill level 1 in Hexes
 50238 | Vaults:4 | Noticed a dread lich
 50255 | Vaults:4 | Paralysed by a dread lich for 2 turns
 50265 | Vaults:4 | Killed a dread lich
 50325 | Vaults:4 | Found a crumbling gateway.
 50332 | Desolati | Entered the Desolation of Salt
 50364 | Desolati | Reached skill level 15 in Invocations
 50402 | Desolati | Reached XP level 22. HP: 99/122 MP: 25/35
 50449 | Desolati | Identified the +4 fire dragon scales of Disguise {rF++ rC-
                  | Dex+2 Stlth+}
 50456 | Desolati | Identified the ring of Siskotuwk {rF+ rC++ Int+3}
 50546 | Desolati | Identified the ring of the Mantidfly {rCorr Str+4 Stlth+}
 50599 | Desolati | Got the Annotations on Poisonous Burning
 50599 | Desolati | Got the Handbook of the Grey Spider
 50616 | Desolati | Learned a level 2 spell: Lesser Beckoning
 50855 | Desolati | Found the +8 longbow "Zephyr" {speed, Dex+3 SInv}
 50856 | Desolati | Identified the +5 rapier of Armageddon {drain, rF+ rC+
                  | Will+ Str-3}
 50860 | Desolati | Got the Grimoire of the Wendigo and Toxicants
 51187 | Vaults:4 | Found Uwaifim's Antique Armour Shoppe.
 51200 | Vaults:4 | Identified the +2 robe "Xigagasi" {MP+9 Int+2}
 51609 | Elf:2    | Bought a manual of Armour for 1600 gold pieces
 51609 | Elf:2    | Bought a manual of Dodging for 1600 gold pieces
 52208 | Vaults:4 | Reached skill level 1 in Armour
 52855 | Depths:1 | Entered Level 1 of the Depths
 52958 | Depths:1 | Reached skill level 5 in Hexes
 53036 | Depths:1 | Found a bloodstained altar of Trog.
 53257 | Depths:1 | Found a gateway to Hell.
 53315 | Depths:1 | Noticed Mara
 53334 | Depths:1 | Killed Mara
 53763 | Depths:2 | Found a one-way gate leading to the halls of Pandemonium.
 53928 | Depths:2 | Identified the ring of Ignis's Anger {Fly rPois Int+9 Dex-4
                  | Slay-6}
 53963 | Depths:2 | Noticed a juggernaut
 53980 | Depths:2 | Killed a juggernaut
 54125 | Depths:2 | Noticed a caustic shrike
 54127 | Depths:2 | Killed a caustic shrike
 54509 | Depths:2 | Noticed the Enchantress
 54660 | Depths:2 | Found a one-way gate to the infinite horrors of the Abyss.
 54711 | Depths:2 | Killed the Enchantress
 54806 | Depths:2 | Identified the +6 trident of Betienn {protect, rCorr Str+3
                  | Stlth+}
 55088 | Depths:3 | Reached XP level 23. HP: 122/128 MP: 15/37
 55110 | Depths:3 | Reached skill level 5 in Armour
 55678 | Depths:3 | Found Pemeppanuu's Armour Shop.
 56149 | Depths:4 | Entered Level 4 of the Depths
 56149 | Depths:4 | Found a one-way gateway to a ziggurat.
 56370 | Depths:4 | Noticed a juggernaut
 56379 | Depths:4 | Killed a juggernaut
 56405 | Depths:4 | Found a flickering gateway to a bazaar.
 56420 | Bazaar   | Entered a bazaar
 56420 | Bazaar   | Found Qunesh's Antique Armour Emporium.
 56432 | Bazaar   | Found Robec's Book Boutique.
 56434 | Bazaar   | Found Ephen's General Store.
 56454 | Bazaar   | Found Hecvog's Antique Weapon Shop.
 56470 | Bazaar   | Found Ostriev's Magic Scroll Shop.
 56528 | Bazaar   | Bought a scroll of acquirement for 572 gold pieces
 56528 | Bazaar   | Acquired a +3 triple sword of protection
 56549 | Bazaar   | Bought a potion of mutation for 96 gold pieces
 56549 | Bazaar   | Bought a scroll of fog for 48 gold pieces
 56549 | Bazaar   | Bought 2 potions of magic for 192 gold pieces
 56562 | Bazaar   | Bought 3 scrolls of fog for 132 gold pieces
 57050 | Depths:4 | Found a gate to the Realm of Zot.
 57050 | Depths:4 | Identified the +6 quarterstaff of Qacont {antimagic, rF+
                  | Dex+3}
 57681 | Depths:3 | Voluntarily entered the Abyss.
 57779 | Abyss:4  | Got an abyssal rune of Zot
 57827 | Depths:3 | Escaped the Abyss
 58071 | Crypt:1  | Entered Level 1 of the Crypt
 59236 | Crypt:1  | Reached XP level 24. HP: 133/133 MP: 28/37
 60182 | Crypt:3  | Entered Level 3 of the Crypt
 60560 | Crypt:3  | Found a staircase to the Tomb.
 60775 | Crypt:3  | Found a runed translucent gate.
 60775 | Crypt:3  | Found a runed translucent gate.
 60775 | Crypt:3  | Found a runed translucent gate.
 60776 | Crypt:3  | Noticed Rakupo Megg's ghost (veteran GrEE)
 61232 | Crypt:3  | Noticed a dread lich
 61236 | Crypt:3  | Killed a dread lich
 61256 | Crypt:3  | Identified the +1 mace "Oreloic" {freeze, rPois rF- Will+}
 61414 | Crypt:3  | Killed Rakupo Megg's ghost
 61421 | Crypt:3  | Identified the +4 broad axe of Itresamo {flame, Dex+6}
 61767 | Zot:1    | Entered Level 1 of the Realm of Zot
 63725 | Zot:2    | Identified the ring "Huyhe" {rPois MP+9 AC+4 Str-2}
 63758 | Zot:2    | Identified the ring of Pengusch {rPois rCorr Int+6 Dex-4}
 64144 | Zot:2    | Identified the +9 mace "Wiusyer" {heavy, rC+ Str+4}
 64340 | Zot:2    | Reached XP level 25. HP: 115/137 MP: 37/37
 64791 | Zot:3    | Noticed an orb of fire
 64914 | Zot:3    | Killed an orb of fire
 65173 | Zot:3    | Identified the +6 plate armour "Xizatiu" {Rampage rElec
                  | Dex-2 Slay+2}
 66503 | Zot:4    | Reached skill level 15 in Fighting
 67099 | Zot:4    | Noticed an orb of fire
 67132 | Zot:4    | Killed an orb of fire
 67234 | Zot:5    | Entered Level 5 of the Realm of Zot
 67334 | Zot:5    | Reached skill level 10 in Hexes
 67375 | Zot:5    | Found Xunoela's CLEARANCE SALE!.
 67494 | Zot:5    | Bought a +0 robe for 4 gold pieces
 67669 | Zot:5    | Noticed an ancient lich
 67676 | Zot:5    | Killed an ancient lich
 67736 | Zot:5    | Noticed an ancient lich
 67743 | Zot:5    | Noticed an orb of fire
 67744 | Zot:5    | Killed an ancient lich
 67751 | Zot:5    | Noticed a dread lich
 67754 | Zot:5    | Killed an orb of fire
 67755 | Zot:5    | Reached skill level 15 in Necromancy
 67761 | Zot:5    | Killed a dread lich
 67762 | Zot:5    | Reached XP level 26. HP: 100/144 MP: 12/38
 67829 | Zot:5    | Noticed a dread lich
 67832 | Zot:5    | Noticed an orb of fire
 67848 | Zot:5    | Noticed an orb of fire
 67866 | Zot:5    | Gained mutation: You are weak. (Str -2) [an orb of fire]
 67905 | Zot:5    | Killed an orb of fire
 67908 | Zot:5    | HP: 7/144 [orb of fire/fireball (44)]
 68441 | Zot:5    | Killed a dread lich
 68558 | Zot:5    | Reached skill level 10 in Transmutations
 68689 | Zot:5    | Noticed an ancient lich
 68727 | Zot:5    | Killed an ancient lich
 68919 | Zot:5    | Killed an orb of fire
 68943 | Zot:5    | Upgraded the game from 0.30-a0-867-g305f33218d to
                  | 0.30-a0-870-gc5d4c5acee
 69489 | Slime:1  | Entered Level 1 of the Pits of Slime
 69561 | Slime:2  | Reached skill level 10 in Armour
 69889 | Slime:3  | Paralysed by a floating eye for 3 turns
 70140 | Slime:5  | Entered Level 5 of the Pits of Slime
 70187 | Slime:5  | Noticed the Royal Jelly
 70342 | Slime:3  | Gained mutation: You sometimes lose your temper in combat.
                  | [a shining eye]
 70401 | Slime:3  | Lost mutation: You sometimes lose your temper in combat.
                  | [potion of mutation]
 70401 | Slime:3  | Lost mutation: You are somewhat resistant to further
                  | mutation. [potion of mutation]
 70401 | Slime:3  | Lost mutation: You are weak. (Str -2) [potion of mutation]
 70401 | Slime:3  | Gained mutation: Your spells are a little easier to cast,
                  | but a little less powerful. [potion of mutation]
 70401 | Slime:3  | Gained mutation: Your spells are easier to cast, but less
                  | powerful. [potion of mutation]
 70402 | Slime:3  | Lost mutation: Your spells are easier to cast, but less
                  | powerful. [potion of mutation]
 70402 | Slime:3  | Lost mutation: Your spells are a little easier to cast, but
                  | a little less powerful. [potion of mutation]
 70402 | Slime:3  | Gained mutation: You possess an exceptional clarity of
                  | mind. [potion of mutation]
 70402 | Slime:3  | Gained mutation: You are agile. (Dex +4, Str/Int -1)
                  | [potion of mutation]
 71078 | Slime:5  | Found a viscous altar of Jiyva.
 71081 | Slime:5  | Found the +18 shield of the Gong {Loud rN+ Will+ rCorr
                  | EV-5}
 71119 | Slime:5  | Killed the Royal Jelly
 71283 | Slime:5  | Got a slimy rune of Zot
 71295 | Slime:5  | Identified the +1 scale mail "Amabbeo" {Stlth+}
 71307 | Slime:5  | Identified the +8 plate armour "Fitrier" {Str+2 Dex+3
                  | Slay+5}
 71309 | Slime:5  | Identified the +1 leather armour "Xegresash" {rElec Dex+2}
 71317 | Slime:5  | Got the Omnibus of Shades and Sparks
 71323 | Slime:5  | Identified the +8 dagger "Tobbist" {flame, rPois}
 71351 | Slime:5  | Identified the amulet "Ygiyto" {Regen+ Int+5}
 72087 | Hell     | Entered the Vestibule of Hell
 72089 | Hell     | Noticed Geryon
 72099 | Hell     | Killed Geryon
 72103 | Hell     | Noticed Murray
 72117 | Hell     | Killed Murray
 72118 | Hell     | Reached XP level 27. HP: 116/151 MP: 20/38
 72278 | Hell     | Found a gateway to the ashen valley of Gehenna.
 72299 | Hell     | Found a gateway to the freezing wastes of Cocytus.
 72459 | Hell     | Found a gateway to the Iron City of Dis.
 72462 | Hell     | Reached skill level 1 in Short Blades
 72566 | Hell     | Found a gateway to the decaying netherworld of Tartarus.
 72989 | Vaults:5 | Entered Level 5 of the Vaults
 73388 | Vaults:5 | Identified the +5 battleaxe of Skirmishing {flame, Fragile
                  | rElec MP+9}
 73412 | Vaults:5 | Identified the ring of Summertime {rN+ Will+ MP+9}
 73669 | Vaults:5 | Identified the +3 war axe of Rikymehab {venom, Str+5}
 73815 | Vaults:5 | Got Further Steps in the Veiled Arts
 73845 | Vaults:5 | Learned a level 7 spell: Enfeeble
 73868 | Vaults:5 | Identified the +5 rapier of Sezaasch {heavy, rCorr}
 73868 | Vaults:5 | Noticed an ancient lich
 73872 | Vaults:5 | Killed an ancient lich
 73937 | Vaults:5 | Reached skill level 15 in Hexes
 73986 | Vaults:5 | Identified the +9 sling of Risuock {flame, Str+5}
 74124 | Vaults:5 | Noticed an ancient lich
 74127 | Vaults:5 | Killed an ancient lich
 74321 | Vaults:5 | Got a silver rune of Zot
 74391 | Vaults:5 | a quicksilver dragon changed into a juggernaut
 74391 | Vaults:5 | Noticed a juggernaut (glowing shapeshifter)
 74397 | Vaults:5 | Killed a juggernaut
 74722 | Vaults:5 | Got the Parchment of the Assistive Fjord
 74861 | Vaults:5 | Got Xoitt's Grimoire of the Excursion
 75250 | Tar:1    | Entered Level 1 of Tartarus
 75916 | Tar:2    | You are sucked into a shaft and drop 1 floor!
 77128 | Tar:7    | Entered Level 7 of Tartarus
 78719 | Tar:7    | Identified the amulet "Inumuziti" {Faith Drain rC+++ Str+8
                  | Dex-2}
 78853 | Tar:7    | Reached skill level 10 in Spellcasting
 79389 | Tar:7    | Identified the ring of Iqihat {+Blink rF- rCorr Dex+5}
 79763 | Tar:7    | Found the ring of Shadows {Umbra +Inv Stlth+}
 79840 | Tar:7    | Got a bone rune of Zot
 79964 | Tar:7    | Identified the +10 great sword of Prescription {spect,
                  | Str+3 Dex+3}
 80196 | Coc:1    | Entered Level 1 of Cocytus
 81116 | Coc:3    | You are sucked into a shaft and drop 3 floors!
 81119 | Coc:7    | Entered Level 7 of Cocytus
 81978 | Coc:7    | Noticed the Serpent of Hell
 81987 | Coc:7    | Killed the Serpent of Hell
 82137 | Coc:7    | Paralysed by a wendigo for 1 turns
 82462 | Coc:7    | Noticed Antaeus
 82492 | Coc:7    | Killed Antaeus
 82629 | Coc:7    | Identified the +2 great sword of Purpose {elec, *Rage rC+
                  | Str+3}
 82664 | Coc:7    | Identified the +3 leather armour of Kopuc {rN+ Will- rCorr
                  | Dex+4}
 82676 | Coc:7    | Got an icy rune of Zot
 82806 | Hell     | Upgraded the game from 0.30-a0-870-gc5d4c5acee to
                  | 0.30-a0-879-ga8ba668304
 82810 | Hell     | Learned a level 3 spell: Portal Projectile
 82867 | Pan      | Entered Pandemonium
 82961 | Pan      | Learned a level 9 spell: Death's Door
 83078 | Pan      | Noticed Foqost the pandemonium lord
 83092 | Pan      | Killed Foqost the pandemonium lord
 83655 | Pan      | Noticed Devezoxoga the pandemonium lord
 83667 | Pan      | Killed Devezoxoga the pandemonium lord
 83812 | Pan      | Learned a level 6 spell: Dispersal
 84835 | Pan      | Noticed Zymuhaapacs the pandemonium lord
 84869 | Pan      | Acquired the +10 triple sword of Rucwamat {flame, MP+9}
 85099 | Pan      | Acquired 600 gold pieces
 85173 | Pan      | Killed Zymuhaapacs the pandemonium lord
 85553 | Pan      | Reached skill level 15 in Spellcasting
 86559 | Pan      | Noticed Haxearots the pandemonium lord
 86567 | Pan      | Killed Haxearots the pandemonium lord
 86582 | Pan      | Noticed a dread lich
 86596 | Pan      | Killed a dread lich
 86898 | Pan      | Found Haxearots's Assorted Sundries.
 86899 | Pan      | Found an opulent altar of Gozag.
 86903 | Pan      | Found an opulent altar of Gozag.
 86914 | Pan      | Found Haxearots's Infernal Boutique.
 87292 | Pan      | Found an opulent altar of Gozag.
 87301 | Pan      | Found Haxearots's Demonic Rune Stash.
 87301 | Pan      | Found Haxearots's Superb Hardware.
 87310 | Pan      | Bought a demonic rune of Zot for 5534 gold pieces
 87736 | Pan      | Noticed Argheph the pandemonium lord
 87782 | Pan      | Killed Argheph the pandemonium lord
 88248 | Pan      | Entered the realm of Cerebov.
 88446 | Pan      | Identified the +6 dagger "Widowermaker" {spect, Fly rC+
                  | Int+5}
 88453 | Pan      | Identified the +8 falchion of Uqidouk {heavy, rPois}
 88679 | Pan      | Found an exit through the horrors of the Abyss.
 89004 | Pan      | Got the Vellum of Creative Putrescence
 89103 | Pan      | Reached skill level 27 in Dodging
 89304 | Pan      | Identified the ring of Ciheow {Fly rElec rPois Str+3}
 89396 | Pan      | Found the +6 sword of Cerebov {flame}
 89396 | Pan      | Noticed Cerebov
 89609 | Pan      | Killed Cerebov
 89633 | Pan      | Identified the +2 cloak of the Blind Marksman {Int+2 Dex+5}
 89731 | Pan      | Got a fiery rune of Zot
 89886 | Pan      | Entered the realm of Mnoleg.
 89895 | Pan      | Reached skill level 15 in Armour
 90108 | Pan      | Learned a level 8 spell: Necromutation
 90446 | Pan      | Noticed Mnoleg
 90564 | Pan      | Killed Mnoleg
 90699 | Pan      | Got a glowing rune of Zot
 90809 | Pan      | Noticed Osamoq the pandemonium lord
 91227 | Pan      | Killed Osamoq the pandemonium lord
 91312 | Pan      | Found an exit through the horrors of the Abyss.
 91823 | Pan      | Noticed Romo the pandemonium lord
 91830 | Pan      | Killed Romo the pandemonium lord
 92884 | Pan      | Noticed Ipaomu the pandemonium lord
 92908 | Pan      | Killed Ipaomu the pandemonium lord
 93083 | Pan      | Entered the realm of Lom Lobon.
 93159 | Pan      | Found an exit through the horrors of the Abyss.
 93873 | Pan      | Noticed Lom Lobon
 94037 | Pan      | Got a magical rune of Zot
 94114 | Pan      | Entered the realm of Gloorx Vloq.
 94123 | Pan      | Learned a level 6 spell: Statue Form
 94194 | Pan      | Reached skill level 1 in Earth Magic
 94357 | Pan      | Identified the +5 arbalest "Bugij" {heavy, rElec}
 94484 | Pan      | Found an exit through the horrors of the Abyss.
 94772 | Pan      | Reached skill level 5 in Earth Magic
 95061 | Pan      | Noticed Gloorx Vloq
 95072 | Pan      | Killed Gloorx Vloq
 95084 | Pan      | Got a dark rune of Zot
 95170 | Pan      | Took an exit into the Abyss.
 95170 | Abyss:4  | Escaped into the Abyss
 95170 | Abyss:4  | Found a corrupted altar of Lugonu.
 95175 | Depths:2 | Escaped the Abyss
 95254 | Geh:1    | Entered Level 1 of Gehenna
 95895 | Geh:3    | You are sucked into a shaft and drop 3 floors!
 95925 | Geh:6    | Reached skill level 27 in Ranged Weapons
 96071 | Geh:7    | Entered Level 7 of Gehenna
 97040 | Geh:7    | Found the +7 sceptre of Asmodeus
 97040 | Geh:7    | Noticed Asmodeus
 97042 | Geh:7    | Got an obsidian rune of Zot
 97068 | Geh:7    | Killed Asmodeus
 97100 | Geh:7    | Identified the ring "Cisingor" {Ice Str+5 Dex+4}
 97261 | Dis:1    | Entered Level 1 of the Iron City of Dis
 97402 | Dis:1    | You are sucked into a shaft and drop 1 floor!
 97474 | Dis:3    | Reached skill level 1 in Stealth
 98439 | Dis:7    | Entered Level 7 of the Iron City of Dis
 98691 | Dis:7    | Reached skill level 5 in Stealth
 99187 | Dis:7    | Noticed a juggernaut
 99192 | Dis:7    | Killed a juggernaut
 99691 | Dis:7    | Noticed a juggernaut
 99702 | Dis:7    | Killed a juggernaut
 99852 | Dis:7    | Noticed a juggernaut
 99856 | Dis:7    | Killed a juggernaut
100043 | Dis:7    | Noticed Dispater
100365 | Dis:7    | Got the Writings on Blasts and the Graveyard
100628 | Dis:7    | Killed Dispater
100633 | Dis:7    | Identified the amulet of Ynip {Will+ Regen+ Int+7}
100658 | Dis:7    | Identified the +9 trident "Wompuriw" {venom, rElec rF-
                  | Int+3 SInv Stlth+}
100659 | Dis:7    | Identified the +1 scale mail "Ajeiviet" {rElec rN+}
100664 | Dis:7    | Got an iron rune of Zot
101068 | Tomb:1   | Entered Level 1 of the Tomb of the Ancients
101168 | Tomb:1   | Reached skill level 10 in Stealth
101549 | Tomb:1   | Learned a level 5 spell: Silence
101582 | Tomb:1   | Noticed a royal mummy
101582 | Tomb:1   | Noticed a royal mummy
101583 | Tomb:1   | Noticed a royal mummy
101741 | Tomb:1   | Killed a royal mummy
101752 | Tomb:1   | Killed a royal mummy
101851 | Tomb:1   | Killed a royal mummy
102233 | Tomb:2   | Noticed a royal mummy
102233 | Tomb:2   | Noticed a royal mummy
102233 | Tomb:2   | Noticed a royal mummy
102233 | Tomb:2   | Noticed a royal mummy
102242 | Tomb:2   | Killed a royal mummy
102252 | Tomb:2   | Killed a royal mummy
102253 | Tomb:2   | Killed a royal mummy
102263 | Tomb:2   | Killed a royal mummy
102611 | Tomb:1   | Noticed a royal mummy
102611 | Tomb:1   | Noticed a royal mummy
102612 | Tomb:1   | Noticed a royal mummy
102612 | Tomb:1   | Noticed a royal mummy
102614 | Tomb:1   | Noticed a royal mummy
102619 | Tomb:1   | Killed a royal mummy
102619 | Tomb:1   | Killed a royal mummy
102622 | Tomb:1   | Killed a royal mummy
102625 | Tomb:1   | Killed a royal mummy
102627 | Tomb:1   | Killed a royal mummy
102634 | Tomb:1   | Noticed a royal mummy
102642 | Tomb:1   | Killed a royal mummy
102661 | Tomb:1   | Noticed a royal mummy
102679 | Tomb:1   | Killed a royal mummy
102684 | Tomb:1   | Noticed a royal mummy
102694 | Tomb:1   | Killed a royal mummy
102887 | Tomb:1   | Noticed a royal mummy
102895 | Tomb:1   | Killed a royal mummy
102898 | Tomb:1   | Noticed a royal mummy
102912 | Tomb:1   | Killed a royal mummy
103034 | Tomb:1   | Learned a level 4 spell: Animate Dead
103136 | Tomb:3   | Entered Level 3 of the Tomb of the Ancients
103147 | Tomb:3   | Noticed a royal mummy
103147 | Tomb:3   | Noticed a royal mummy
103153 | Tomb:3   | Noticed a royal mummy
103153 | Tomb:3   | Noticed a royal mummy
103157 | Tomb:3   | Noticed a royal mummy
103158 | Tomb:3   | Noticed a royal mummy
103165 | Tomb:3   | Noticed a royal mummy
103170 | Tomb:3   | Killed a royal mummy
103190 | Tomb:3   | Killed a royal mummy
103190 | Tomb:3   | Killed a royal mummy
103211 | Tomb:3   | Got a golden rune of Zot
103250 | Tomb:3   | Noticed a royal mummy
103254 | Tomb:3   | Killed a royal mummy
103954 | Zot:5    | Got the Orb of Zot
104361 | D:12     | Noticed Sotim the pandemonium lord
104370 | D:12     | Killed Sotim the pandemonium lord
104639 | D:1      | Lost mutation: You possess an exceptional clarity of mind.
                  | [potion of mutation]
104639 | D:1      | Lost mutation: You are agile. (Dex +4, Str/Int -1) [potion
                  | of mutation]
104639 | D:1      | Gained mutation: You are strong-willed. (Will+) [potion of
                  | mutation]
104640 | D:1      | Lost mutation: You are strong-willed. (Will+) [potion of
                  | mutation]
104640 | D:1      | Gained mutation: Armour fits poorly on your strangely
                  | shaped body. [potion of mutation]
104640 | D:1      | Gained mutation: Your natural rate of healing is unusually
                  | fast. [potion of mutation]
104641 | D:1      | Lost mutation: Your natural rate of healing is unusually
                  | fast. [potion of mutation]
104641 | D:1      | Lost mutation: Armour fits poorly on your strangely shaped
                  | body. [potion of mutation]
104641 | D:1      | Gained mutation: Your flesh is cold resistant. (rC+)
                  | [potion of mutation]
104641 | D:1      | Gained mutation: You have large cloven feet. [potion of
                  | mutation]
104642 | D:1      | Lost mutation: You have large cloven feet. [potion of
                  | mutation]
104642 | D:1      | Lost mutation: Your flesh is cold resistant. (rC+) [potion
                  | of mutation]
104642 | D:1      | Gained mutation: Your muscles are strong. (Str +4, Int/Dex
                  | -1) [potion of mutation]
104642 | D:1      | Gained mutation: Your mind is acute. (Int +4, Str/Dex -1)
                  | [potion of mutation]
104642 | D:1      | Gained mutation: You are partially covered in large bone
                  | plates. (SH +4) [potion of mutation]
104642 | D:1      | Gained mutation: Your flesh is cold resistant. (rC+)
                  | [potion of mutation]
104643 | D:1      | Lost mutation: You are partially covered in large bone
                  | plates. (SH +4) [potion of mutation]
104643 | D:1      | Lost mutation: Your muscles are strong. (Str +4, Int/Dex
                  | -1) [potion of mutation]
104643 | D:1      | Lost mutation: Your flesh is cold resistant. (rC+) [potion
                  | of mutation]
104643 | D:1      | Gained mutation: You are partially covered in large bone
                  | plates. (SH +4) [potion of mutation]
104643 | D:1      | Gained mutation: You have sharp toenails. [potion of
                  | mutation]
104643 | D:1      | Gained mutation: You occasionally lose the ability to drink
                  | potions when taking damage. [potion of mutation]
104643 | D:1      | Gained mutation: You are covered in fur. (AC +1) [potion of
                  | mutation]
104647 | D:$      | Escaped with the Orb!

Illustrated notes

Levels and vault maps discovered:
D:1:      scummos_arrival_forest, layout_loops_ring,
          minmay_misc_feat_secret_circle, minivault_27,
          minmay_shallow_snake_nest
D:2:      layout_loops_ring, serial_shops, nicolae_shop_trees,
          minmay_misc_feat_diagonals, chequers_serial_rivers_large_b,
          st_stairs_5
D:3:      layout_loops_ring, mainiacjoe_overflow_boulevard,
          mainiacjoe_overflow_surrounded_room, nicolae_overflow_hidden_temple,
          shapermc_ecumenical_altar_mp_urbaneastern,
          amcnicky_mini_rare_corridor_liquid
D:4:      layout_loops_cross, serial_shops, nicolae_shop_behind_doors, shop,
          chequers_serial_rivers_room_b
D:5:      layout_loops_ring, mainiacjoe_overflow_concentric_impassable,
          minmay_temple_entry_waves
D:6:      layout_basic
D:7:      layout_basic, lemuel_mausoleum_altar_yredelemnul,
          nicolae_ashenzari_panopticon, mainiacjoe_overflow_brackets,
          uniq_crazy_yiuf_cottage, uniq_maggie, uniq_prince_ribbit1
D:8:      layout_gridville, enter_bailey_2, hangedman_decor_clover_reticule,
          hellmonk_bongcloud_opening
D:9:      layout_cave_pods, erik_orc_4, uniq_gastronok
D:10:     layout_gridville, nzn_overflow_gifts_of_might_and_magic,
          lair_entry_dummy, uniq_erolcha, uniq_maurice
D:11:     layout_stronghold, gauntlet_entry_generic
D:12:     layout_layer_cave, nicolae_diode_basic, uniq_azrael, uniq_psyche,
          uniq_nessos, uniq_nergalle
D:13:     layout_irregular_city, minmay_diamond_spiral
D:14:     layout_roguey, erik_vaults_1, roderic_lattice_a, serial_shops, shop,
          kennysheep_just_a_vault
D:15:     gammafunk_depths_entry_grave, layout_stronghold,
          minmay_misc_feat_room, dk_noncrumbling_3
Lair:1:   layout_long_grid
Lair:2:   layout_regular_city, swamp_mist_pool, uniq_urug
Lair:3:   layout_regular_city, nicolae_spider_entry_lesser_pyramids,
          nicolae_volcano_entry_batcave
Lair:4:   layout_gridlike, infiniplex_staircase_pool
Lair:5:   hangedman_lair_in_review, layout_small_grid,
          nicolae_slime_entry_field_trip
Swamp:1:  layout_basic_swamp, evilmike_swamp_ruin_house_3,
          infiniplex_staircase_pool_2, uniq_mlioglotl
Swamp:2:  layout_basic_swamp, serial_swamp_ruin, evilmike_swamp_ruin_house_4,
          evilmike_swamp_ruin_house_6, swamp_pool1
Swamp:3:  cheibrodos_swamp_heart_of_darkness, layout_basic_swamp,
          ebering_ghost_xom, hangedman_swamp_lotus, uniq_louise
Swamp:4:  swamp_vile, layout_basic_swamp, swamp_pool1
Spider:1: layout_spider_delve, portal_ice_cave_entry_pillars_four,
          hangedman_spider_tarantella_strand
Spider:2: nicolae_spider_hilbert_zone_6 [nicolae_spider_hilbert_4_sides_1_open,
          nicolae_spider_hilbert_4_sides_1_open,
          nicolae_spider_hilbert_4_sides_1_open,
          nicolae_spider_hilbert_4_sides_1_open,
          nicolae_spider_hilbert_4_sides_1_open,
          nicolae_spider_hilbert_4_sides_1_open,
          nicolae_spider_hilbert_4_sides_1_open],
          nicolae_spider_altar_of_dancing
Spider:3: layout_spider_delve, guppyfry_hornet_nest, uniq_arachne
Spider:4: guppyfry_spider_rune
Slime:1:  layout_caves
Slime:2:  cheibrodos_slime_lost_civilization_8, layout_caves,
          cheibrodos_slime_lost_civilization_7
Slime:3:  cheibrodos_slime_lost_civilization_1, layout_caves,
          nicolae_slime_getting_an_eyeful
Slime:4:  layout_caves
Slime:5
Orc:1:    gammafunk_beogh_shrine, layout_caves, mines2_lemuel
Orc:2:    st_orc_town, layout_diamond_mine, serial_shops,
          nicolae_shop_bloodbath_and_beyond, shop, shop_fountains, shop,
          nicolae_orc_flooded_monolith, uniq_saint_roka, uniq_donald, uniq_sonja
Elf:1:    layout_loops_corners, basic_altar,
          hangedman_elven_crosses_minicolossus
Elf:2:    nicolae_elf_blades_crystal_corner, layout_onion_city,
          nicolae_shop_self_help
Elf:3:    minmay_elf_hall_not_hex, layout_loops_corners
Vaults:1: nicolae_vaults_hallways_thing, nicolae_vaults_network_square,
          nicolae_vaults_network_s, vaults_room_boxed, ontoclasm_vaults_idyll,
          hangedman_vaults_pinch, v_misc_24, nicolae_vaults_little_squares_6,
          vaults_mumra_hexcomb, ontoclasm_vaults_gallery,
          vaults_standard_mumra_lines, vaults_dpeg_hooks, layout_vaults_ring,
          uniq_asterion
Vaults:2: gammafunk_ghost_mausoleum, nicolae_vaults_holding_cells,
          vaults_dpeg_spiral, nicolae_vaults_ring_of_whatevers, v_alt_pattern_5,
          hangedman_vaults_locks, layout_vaults_omnigrid, serial_shops,
          nicolae_lakefront_shop
Vaults:3: gammafunk_the_bubble [the_bubble_gammafunk_split],
          minmay_crypt_entry_simple_round, vaults_room_grunt_arrival_checkpoint,
          hangedman_vaults_snaps, nicolae_vaults_shelves_hall,
          ontoclasm_vaults_shuriken, vaults_dpeg_doors,
          nicolae_vaults_mini_display_case, v_misc_28,
          nicolae_vaults_border_crossing, ontoclasm_vaults_eye,
          nicolae_vaults_little_squares_4, layout_vaults_big_room
Vaults:4: portal_desolation_entry_salt, st_cross,
          nicolae_vaults_windows_and_doors_thing, v_misc_15,
          hangedman_vaults_nails, hangedman_vaults_stretched_pinwheel,
          v_misc_19, ontoclasm_vaults_tryst, v_misc_22, v_rooms_1,
          nicolae_vaults_little_squares_3, vaults_mumra_chevron_long,
          vaults_mumra_minichess_inversion, vaults_room_door_hall,
          vaults_room_mumra_shop_pool, layout_vaults_maze
Vaults:5
Crypt:1:  layout_catacombs, grunt_ministairs_9, st_stairs_3
Crypt:2:  layout_misc_corridors, minivault_24, uniq_margery
Crypt:3:  david_glass_crypt, layout_misc_corridors,
          nicolae_tomb_entry_unfolded_pyramid_diagonal,
          ebering_ghost_rock_garden
Tomb:1
Tomb:2
Tomb:3
Depths:1: layout_cave_pools, hell_entry, trog_three_pillars_becter,
          serial_bayou_shore_b, grunt_megastairs_2, uniq_mara
Depths:2: minmay_box_of_curves, layout_basic, abyss_entry, hell_entry,
          pan_entry, infiniplex_staircase_spiral, uniq_enchantress
Depths:3: abrahamwl_protected_by_tso_1, layout_basic, serial_shops,
          nicolae_shop_hallway_plus, pf_coc_iceberg,
          nicolae_abyss_entry_one_way_or_another,
          chequers_serial_rivers_small_b, infiniplex_staircase_pillars_2,
          serial_bayou_shore_a
Depths:4: grunt_zot_entry_tricorne, layout_long_grid, enter_ziggurat_f,
          serial_sigils, serial_sigils_hangedman_etch,
          serial_sigils_hangedman_stare, serial_sigils_hangedman_writhe,
          serial_sigils_hangedman_leer, serial_sigils_hangedman_scratch,
          grunt_pan_entry_spiral, hell_entry, serial_shops, bzr_firewalk,
          serial_bayou_shore_b
Hell
Dis:1:    layout_overlapping_boxes, minmay_strange_pillars
Dis:2:    layout_regular_city
Dis:3:    layout_subdivisions
Dis:4:    layout_regular_city, minmay_strange_pillars
Dis:5:    layout_subdivisions
Dis:6:    layout_regular_city
Dis:7:    dis_grunt_layers
Geh:1:    layout_gehenna_pools_box
Geh:2:    nicolae_geh_erupted_tower, layout_gehenna_pools_triple
Geh:3:    layout_gehenna_pools_box
Geh:6:    layout_gehenna_lava_caves
Geh:7:    geh_old
Coc:1:    layout_ice_bergs
Coc:2:    layout_cocytus_water_paths
Coc:3:    layout_cocytus_delve
Coc:6:    layout_cocytus_water_paths
Coc:7:    coc_grunt_cove [coc_grunt_cove_antaeus, coc_grunt_cove_fiend,
          coc_grunt_cove_fiend, coc_grunt_cove_fiend, coc_grunt_cove_fiend]
Tar:1:    layout_catacombs
Tar:2:    layout_catacombs
Tar:3:    nicolae_tar_tart_auras, layout_cathedral_of_symmetry
Tar:4:    layout_honeycomb
Tar:5:    layout_catacombs, nicolae_tar_cuneiform_sun
Tar:6:    layout_grid_maze
Tar:7:    tar_minmay_river
Zot:1:    layout_concentric_octagons, lemuel_baited_zot_trap
Zot:2:    layout_basic, st_large_dragon_hoard_2
Zot:3:    layout_twisted_circle
Zot:4:    layout_gridlike, grunt_megastairs_3
Zot:5:    layout_cathedral_of_symmetry, nicolae_shop_clearance

Skill      XL: |  1  2  3  4  5  6  7  8  9 10 11 12 13 14 15 16 17 18 19 20 21 22 23 24 25 26 27 |
---------------+----------------------------------------------------------------------------------+-----
Long Blades    | 3 4 5 6 8 9 10 11 12 13 14 15 16 19 22 | 22.0
Dodging        | 4 5 6 7 9 10 11 12 13 14 15 16 17 18 19 20 21 22 23 27 | 27.0
Fighting       | 2 3 4 5 6 7 8 9 10 11 12 13 14 15 21 | 21.3
Ranged Weapons | 2 5 7 8 10 12 13 14 15 16 17 18 19 20 21 22 27 | 27.0
Spellcasting   | 3 5 24 | 24.8
Translocations | 2 5 7 8 10 11 12 13 14 15 16 17 18 22 | 22.7
Transmutations | 2 3 5 7 9 11 14 | 14.0
Air Magic      | 2 3 5 7 8 9 10 11 12 | 12.1
Invocations    | 4 6 8 9 10 11 12 13 14 15 16 17 18 19 21 | 21.0
Necromancy     | 3 6 8 9 11 12 13 15 16 26 | 26.7
Hexes          | 3 6 7 8 10 12 20 | 20.0
Armour         | 4 5 6 8 10 15 | 15.9
Short Blades   | 4 |  4.2
Earth Magic    | 9 |  9.0
Stealth        | 14 | 14.2
Throwing       | |  2.0

Action                     |  1- 3 |  4- 6 |  7- 9 | 10-12 | 13-15 | 16-18 | 19-21 | 22-24 | 25-27 || total
---------------------------+-------+-------+-------+-------+-------+-------+-------+-------+-------++-------
  Melee: Long sword        |    96 |    58 |     5 |       |       |       |       |       |       ||   159
         Great sword       |       |       |    56 |   177 |   646 |   947 |   454 |       |       ||  2280
         Sling             |       |       |       |       |       |    25 |       |       |       ||    25
         Longbow           |       |       |       |       |       |     1 |       |     2 |     8 ||    11
         Double sword      |       |       |       |       |       |       |   616 |   501 |       ||  1117
         Punch             |       |       |       |       |       |       |     1 |     1 |       ||     2
         Triple sword      |       |       |       |       |       |       |       |   175 |  2318 ||  2493
         Flamberge         |       |       |       |       |       |       |       |       |   130 ||   130
   Fire: Sling             |    15 |    34 |   115 |   303 |   487 |   340 |       |       |       ||  1294
         Hand crossbow     |       |       |       |       |       |    41 |       |       |       ||    41
         Longbow           |       |       |       |       |       |   190 |   342 |  1255 |  5164 ||  6951
  Throw: Dart              |       |     6 |       |     5 |       |       |       |       |       ||    11
         Boomerang         |       |     1 |       |       |       |       |       |       |       ||     1
         Javelin           |       |       |     1 |       |       |       |       |       |       ||     1
   Cast: Manifold Assault  |       |       |       |     2 |   199 |   300 |   388 |   233 |  1037 ||  2159
         Blink             |       |       |       |     2 |    15 |    13 |    12 |    13 |    47 ||   102
         Swiftness         |       |       |       |       |     5 |     6 |     6 |     3 |    20 ||    40
         Apportation       |       |       |       |       |     1 |     6 |       |     4 |    53 ||    64
         Sublimation of Bl |       |       |       |       |       |    23 |   118 |    63 |   132 ||   336
         Vhi's Electric Ch |       |       |       |       |       |    14 |    19 |    20 |    15 ||    68
         Wereblood         |       |       |       |       |       |     2 |    26 |    12 |    19 ||    59
         Passage of Golubr |       |       |       |       |       |     1 |    10 |     6 |    36 ||    53
         Lesser Beckoning  |       |       |       |       |       |       |       |     1 |     2 ||     3
         Yara's Violent Un |       |       |       |       |       |       |       |     1 |    15 ||    16
         Enfeeble          |       |       |       |       |       |       |       |       |    58 ||    58
         Portal Projectile |       |       |       |       |       |       |       |       |    49 ||    49
         Necromutation     |       |       |       |       |       |       |       |       |    20 ||    20
         Dispersal         |       |       |       |       |       |       |       |       |     5 ||     5
         Statue Form       |       |       |       |       |       |       |       |       |     3 ||     3
         Death's Door      |       |       |       |       |       |       |       |       |     2 ||     2
         Animate Dead      |       |       |       |       |       |       |       |       |     1 ||     1
 Invoke: Ancestor Identity |       |     1 |       |       |       |       |       |       |       ||     1
         Ancestor Life: Kn |       |       |     1 |       |       |       |       |       |       ||     1
         Recall Ancestor   |       |       |     1 |     2 |     4 |     4 |     7 |     4 |    33 ||    55
         Idealise          |       |       |       |       |     2 |     8 |    10 |    11 |    29 ||    60
         Transference      |       |       |       |       |     1 |     1 |     1 |     1 |     5 ||     9
Ability: End Transformatio |       |       |       |       |       |       |       |       |     8 ||     8
  Evoke: Wand              |       |     1 |       |     2 |     9 |       |       |       |     3 ||    15
         Lightning rod     |       |       |       |       |     4 |       |       |       |       ||     4
    Use: Scroll            |       |       |     8 |    10 |     9 |    10 |    13 |    12 |    35 ||    97
         Potion            |       |       |     3 |     1 |       |     4 |     4 |     2 |    62 ||    76
   Stab: Sleeping          |     1 |     1 |       |     1 |     3 |     2 |     1 |     1 |     2 ||    12
         Distracted        |       |     2 |       |     1 |     5 |     7 |     7 |    10 |    13 ||    45
         Petrified         |       |       |       |       |     2 |       |       |       |       ||     2
         Invisible         |       |       |       |       |       |     5 |       |       |     1 ||     6
 Armour: Leather armour    |    32 |    16 |    23 |    33 |    40 |     1 |       |       |     4 ||   149
         Troll leather arm |       |       |       |       |    15 |   126 |    68 |    13 |       ||   222
         Acid dragon scale |       |       |       |       |       |       |       |    42 |   158 ||   200
         Skin              |       |       |       |       |       |       |       |       |     6 ||     6
  Dodge: Dodged            |    77 |    61 |    66 |   233 |   404 |   973 |   420 |   366 |  1349 ||  3949
  Block: Other             |       |       |       |       |    16 |    14 |       |       |       ||    30
         Reflection        |       |       |       |       |     1 |       |       |       |       ||     1

Table legend: (Time is in decaauts)
 A = Elapsed time spent in this place.
 B = Non-inter-level travel time spent in this place.
 C = Inter-level travel time spent in this place.
 D = Time resting spent in this place.
 E = Time spent auto-exploring this place.
 F = Levels seen in this place.
 G = Mean time per level.
                   A        B        C        D        E       F      G
               +--------+--------+--------+--------+--------+-----+--------+
         Total | 101576 |  89982 |  11594 |  11400 |  45363 | 105 |  967.4 |
       Dungeon |  17240 |  14336 |   2904 |    716 |  10395 |  15 | 1149.3 |
          Lair |   6944 |   6161 |    783 |    901 |   4201 |   5 | 1388.8 |
         Swamp |   5246 |   5068 |    178 |    840 |   3115 |   4 | 1311.5 |
   Spider Nest |   6324 |   6040 |    284 |    731 |   3973 |   4 | 1581.0 |
    Slime Pits |   1798 |   1470 |    328 |    171 |    481 |   5 |  359.6 |
  Orcish Mines |   3183 |   2725 |    458 |    555 |   1372 |   2 | 1591.5 |
   Elven Halls |   5270 |   4906 |    364 |    589 |   2985 |   3 | 1756.7 |
        Vaults |   9680 |   7800 |   1880 |    369 |   5039 |   5 | 1936.0 |
         Crypt |   3287 |   2840 |    447 |    163 |   1781 |   3 | 1095.7 |
          Tomb |   2305 |   2051 |    254 |    737 |    105 |   3 |  768.3 |
        Depths |   5253 |   4278 |    975 |    330 |   2785 |   4 | 1313.2 |
          Hell |    540 |    414 |    126 |      0 |    230 |   1 |  540.0 |
           Dis |   3341 |   2855 |    486 |    710 |    648 |   7 |  477.3 |
       Gehenna |   1746 |   1558 |    188 |    382 |    164 |   5 |  349.2 |
       Cocytus |   2325 |   2105 |    220 |    765 |    148 |   5 |  465.0 |
      Tartarus |   4543 |   3815 |    728 |    637 |    907 |   7 |  649.0 |
           Zot |   7260 |   6274 |    986 |    559 |   3667 |   5 | 1452.0 |
         Abyss |   1245 |   1245 |      0 |    234 |    209 |   4 |  311.2 |
   Pandemonium |  11507 |  11507 |      0 |   1600 |   2901 |  13 |  885.2 |
        Bazaar |    153 |    153 |      0 |      0 |     13 |   1 |  153.0 |
        Bailey |    298 |    298 |      0 |      0 |     35 |   1 |  298.0 |
      Ice Cave |    877 |    877 |      0 |    198 |    102 |   1 |  877.0 |
       Volcano |    533 |    533 |      0 |    134 |     31 |   1 |  533.0 |
    Desolation |    668 |    668 |      0 |     75 |     75 |   1 |  668.0 |
               +--------+--------+--------+--------+--------+-----+--------+

Top non-repeatable levels by time:
   Tar:7: 2783 daAuts
Spider:2: 2321 daAuts
   Dis:7: 2244 daAuts
Spider:4: 2211 daAuts
Vaults:3: 2193 daAuts
Vaults:1: 2144 daAuts
Vaults:2: 1968 daAuts
   Elf:3: 1955 daAuts
   Orc:2: 1955 daAuts
  Lair:5: 1932 daAuts
   Zot:1: 1896 daAuts
   Elf:1: 1886 daAuts
    D:12: 1858 daAuts
 Swamp:1: 1711 daAuts
Vaults:5: 1689 daAuts
